Workbook
Name _Hlk13737046: 'C20.1'!#REF!
Name _Hlk13737072: 'C20.1'!#REF!
Name _Ref461368450: 'C1.4'!$D$4
Name _Ref461368450: 'C1.5'!$D$4
Name _Ref461368450: 'C1.6'!$D$4
Name _Ref461368450: 'C1.7'!$D$4
Name _Ref461368450: 'C11.1'!#REF!
Name _Ref461368450: 'C11.2'!#REF!
Name _Ref461368450: 'C11.3'!#REF!
Name _Ref461368450: 'C11.4'!#REF!
Name _Ref461368450: 'C11.5'!#REF!
Name _Ref461368450: 'C11.6'!#REF!
Name _Ref461368450: 'C11.7'!#REF!
Name _Ref461368450: 'C11.9'!#REF!
Name _Ref461368450: 'C2.1'!$D$4
Name _Ref461368450: 'C20.1'!#REF!
Name _Ref461368450: 'C3.1'!$D$4
Name _Ref461368450: 'C3.2'!$D$4
Name _Ref461368450: 'C3.3'!#REF!
Name _Ref461368450: 'C4.2'!#REF!
Name _Ref461368450: 'C4.3'!#REF!
Name _Ref461368450: 'C4.4'!#REF!
Name _Ref461368450: 'C5.1'!#REF!
Name _Ref461368450: 'C5.2'!#REF!
Name _Ref461368450: 'C5.3'!#REF!
Name _Ref461368450: 'C5.4'!#REF!
Name _Ref461368450: 'C6.1'!#REF!
Name _Ref461368450: 'C6.2'!#REF!
Name _Ref461368450: 'C8.1'!#REF!
Name _Ref461368450: 'C8.5'!#REF!
Name _Ref461368450: 'C8.8'!#REF!
Name _Ref461368450: 'C9.1'!#REF!
Name _Ref461372205: 'C1.4'!$D$98
Name _Ref461372205: 'C1.5'!#REF!
Name _Ref461372205: 'C1.6'!#REF!
Name _Ref461372205: 'C1.7'!#REF!
Name _Ref461372205: 'C11.1'!#REF!
Name _Ref461372205: 'C11.2'!#REF!
Name _Ref461372205: 'C11.3'!#REF!
Name _Ref461372205: 'C11.4'!#REF!
Name _Ref461372205: 'C11.5'!#REF!
Name _Ref461372205: 'C11.6'!#REF!
Name _Ref461372205: 'C11.7'!#REF!
Name _Ref461372205: 'C11.9'!#REF!
Name _Ref461372205: 'C2.1'!#REF!
Name _Ref461372205: 'C20.1'!#REF!
Name _Ref461372205: 'C3.1'!#REF!
Name _Ref461372205: 'C3.2'!#REF!
Name _Ref461372205: 'C3.3'!#REF!
Name _Ref461372205: 'C4.2'!#REF!
Name _Ref461372205: 'C4.3'!#REF!
Name _Ref461372205: 'C4.4'!#REF!
Name _Ref461372205: 'C5.1'!#REF!
Name _Ref461372205: 'C5.2'!#REF!
Name _Ref461372205: 'C5.3'!#REF!
Name _Ref461372205: 'C5.4'!#REF!
Name _Ref461372205: 'C6.1'!#REF!
Name _Ref461372205: 'C6.2'!#REF!
Name _Ref461372205: 'C8.1'!#REF!
Name _Ref461372205: 'C8.5'!#REF!

Sheet Pricing Schedule Front
A1: PRICING SCHEDULE NRA 2024/1327R

Sheet Schedule A Front
A1: SCHEDULE A NRA 2024/1327R

Sheet Sched A
A1: SCHEDULE A | C1: GENERAL REQUIREMENTS AND TRAINING AND SKILLS DEVELOPMENT PROGRAMME
A2: ITEM | D2: DESCRIPTION | E2: UNIT | F2: QTY | G2: RATE | H2: AMOUNT
A3: A1000.01 | D3: Contractor's Personnel
C5: (a) | D5: Contractor's Training Staff
C7: (i) | D7: Training Provider | E7: Lump sum | F7: Lump | G7: Sum
C8: (ii) | D8: Practitioners | E8: Lump sum | F8: Lump | G8: Sum
C9: (iii) | D9: Assessors | E9: Lump sum | F9: Lump | G9: Sum
C10: (iv) | D10: Moderators | E10: Lump sum | F10: Lump | G10: Sum
C12: (b) | D12: Contractor's Construction Management Staff
C14: (i) | D14: Construction Manager | E14: Lump sum | F14: Lump | G14: Sum
C15: (ii) | D15: Construction Mentors | E15: Lump sum | F15: Lump | G15: Sum
C16: (iii) | D16: Construction Supervisors | E16: Lump sum | F16: Lump | G16: Sum
C17: (iv) | D17: Clerks of Works | E17: Lump sum | F17: Lump | G17: Sum
A19: A1000.02 | D19: Contractor’s Training Facility and Establishment of Staff
C21: (a) | D21: Providing a Training Facility | E21: Lump sum | F21: Lump | G21: Sum
C22: (b) | D22: Establishment of the Contractor’s Training Staff for all project phases, including PPE. | E22: Lump sum | F22: Lump | G22: Sum
C23: (c) | D23: Establishment of the Contractor’s Construction Management Staff during the Training phases of the project, including PPE. | E23: Lump sum | F23: Lump | G23: Sum
A25: A1000.03 | D25: Training and Skills Development Programme
C27: (a) | D27: Resources Audit Chapter | E27: Lump sum | F27: Lump | G27: Sum
C28: (b) | D28: Skills Audit Chapter | E28: Lump sum | F28: Lump | G28: Sum
C29: (c) | D29: Market Analysis Chapter | E29: Lump sum | F29: Lump | G29: Sum
C30: (d) | D30: Approved Training and Skills Development Programme | E30: Lump sum | F30: Lump | G30: Sum
A32: A1000.04 | D32: Training Provisions
C34: (a) | D34: Training for Trainee Targeted Enterprises
I35: Number of trainnees
C36: (i) | D36: NQF level 2 training. | E36: Trainee Credit | F36: =($I$36*120)*110% -> 1980 | H36: =IF(G36=0," ",F36*G36) | I36: 15 | J36: trainnees*120+10%
C37: (ii) | D37: NQF level 3 training. | E37: Trainee Credit | F37: =($I$36*150)*110% -> 2475 | H37: =IF(G37=0," ",F37*G37) | J37: trainnees*150+10%
C38: (iii) | D38: NQF level 4 training | E38: Trainee Credit | F38: =($I$36*180)*110% -> 2970 | H38: =IF(G38=0," ",F38*G38) | J38: trainnees*180+10%
C39: (iv) | D39: NQF level 5 training. | E39: Trainee Credit | F39: =($I$36*210)*110% -> 3465 | H39: =IF(G39=0," ",F39*G39) | J39: trainnees*210+10%
I40: Schedule B
C41: (b) (i) | D41: Targeted Enterprise Suppliers, Service Providers and Subcontractors | E41: provisional sum | F41: Prov | G41: Sum | H41: =MROUND(1%*$I$41,1000) -> 236000 | I41: ='Summary of Pricing Schedule B'!D54 -> 23625000 | J41: 1% of Schedule B
C42: (ii) | D42: Handling cost and profit i.r.o. item A1000.04(b)(i) | E42: percentage (%) | F42: =H41 -> 236000 | H42: =IF(G42=0," ",F42*G42)
C44: (c) (i) | D44: Targeted Labour | E44: provisional sum | F44: Prov | G44: Sum | H44: =MROUND(1%*$I$41,1000) -> 236000 | J44: 1% of Schedule B
C45: (ii) | D45: Handling cost and profit i.r.o. item A1000.04(c)(i) | E45: percentage (%) | F45: =H44 -> 236000 | H45: =IF(G45=0," ",F45*G45)
C47: (d) (i) | D47: Interns (Students) Completing their National Diplomas | E47: provisional sum | F47: Prov | G47: Sum | H47: =MROUND(4.5%*$I$41,1000) -> 1063000 | J47: 4,5% of Schedule B
C48: (ii) | D48: Handling cost and profit i.r.o. item A1000.04(d)(i) | E48: percentage (%) | F48: =H47 -> 1063000 | H48: =IF(G48=0," ",F48*G48)
C50: (e) (i) | D50: Graduates (Candidates) towards Registration in a Professional Category | E50: provisional sum | F50: Prov | G50: Sum | H50: =MROUND(4.5%*$I$41,1000) -> 1063000 | J50: 4,5% of Schedule B
C51: (ii) | D51: Handling cost and profit i.r.o. item A1000.04(e)(i) | E51: percentage (%) | F51: =H50 -> 1063000 | H51: =IF(G51=0," ",F51*G51)
C53: (f) (i) | D53: Community Members and/or Groups | E53: provisional sum | F53: Prov | G53: Sum | H53: =MROUND(1%*$I$41,1000) -> 236000 | J53: 1% of Schedule B
C54: (ii) | D54: Handling cost and profit i.r.o. item A1000.04(f)(i) | E54: percentage (%) | F54: =H53 -> 236000 | H54: =IF(G54=0," ",F54*G54)
A56: A1000.05 | D56: Theoretical (Classroom) Training
C58: (a) | D58: Registration of Trainees | E58: Lump sum | F58: Lump | G58: Sum
C59: (b) | D59: Induction of Trainees | E59: Lump sum | F59: Lump | G59: Sum
C60: (c) | D60: Stationary and Learning Aids | E60: Lump sum | F60: Lump | G60: Sum
C61: (d) | D61: Learning Material, Workbooks and Logbooks | E61: Lump sum | F61: Lump | G61: Sum
C62: (e) | D62: Contract and Specification Documents | E62: Lump sum | F62: Lump | G62: Sum
A64: A1000.06 | D64: Practical (Workplace) Training | E64: Lump sum | F64: Lump | G64: Sum
D66: TOTAL CARRIED FORWARD | H66: =SUM(H3:H65) -> 2834000
A69: SCHEDULE A | C69: GENERAL REQUIREMENTS AND TRAINING AND SKILLS DEVELOPMENT PROGRAMME
A70: ITEM | D70: DESCRIPTION | E70: UNIT | F70: QTY | G70: RATE | H70: AMOUNT
D71: TOTAL BOUGHT FORWARD | H71: =H66 -> 2834000
A73: A1000.07 | D73: Contractor’s Responsibilities Towards Trainees
I74: Sustenance per day
C75: (a) (i) | D75: Trainee Sustenance | E75: prime cost (PC) sum | F75: Prime | G75: Cost | H75: =(F36+F37+F38+F39)/3*I75 -> 2359500 | I75: 650 | J75: A1000.04 (a) (i + ii + iii + iv) /3*sustenance per day
C76: (ii) | D76: Handling cost and profit i.r.o. item A1000.07(a)(i) | E76: percentage (%) | F76: =H75 -> 2359500 | H76: =IF(G76=0," ",F76*G76)
H77: =IF(G77=0," ",F77*G77) | I77: Stipend per day
C78: (b) (i) | D78: Trainee Stipends | E78: prime cost (PC) sum | F78: Prime | G78: Cost | H78: =(F36+F37+F38+F39)/3*I78 -> 2359500 | I78: 650 | J78: A1000.04 (a) (i + ii + iii + iv) /3*stipend per day
C79: (ii) | D79: Handling cost and profit i.r.o. item A1000.07(b)(i) | E79: percentage (%) | F79: =H78 -> 2359500 | H79: =IF(G79=0," ",F79*G79)
A81: A1000.08 | D81: Construction Simulation Phase | E81: Lump sum | F81: Lump | G81: Sum
A83: A1000.09 | D83: Construction Management Phase | E83: Lump sum | F83: Lump | G83: Sum
A86: =A1 -> SCHEDULE A | D86: TOTAL CARRIED FORWARD TO SUMMARY | H86: =SUM(H71:H85) -> 7553000

Sheet Summary of Pricing Schedule A
A1: SUMMARY OF PRICING SCHEDULE A
A6: TRAINING AND CONSTRUCTION MANAGEMENT | D6: =C7 -> 7553000
A7: A1000 | B7: GENERAL REQUIREMENTS AND TRAINING AND SKILLS DEVELOPMENT PROGRAMME | C7: ='Sched A'!H86 -> 7553000
B10: TOTAL CARRIED TO C2.3 : SUMMARY OF PRICING SCHEDULE (SCHEDULE A) | D10: =SUM(D6:D8) -> 7553000
B16: SIGNED BY TENDERER:

Sheet Schedule B Front
A1: SCHEDULE B NRA 2024/1327R

Sheet C1.2
A1: SECTION | B1: C1.2 | C1: GENERAL REQUIREMENTS AND PROVISIONS
A2: ITEM | D2: DESCRIPTION | E2: UNIT | F2: QTY | G2: RATE | H2: AMOUNT
A3: C1.2.1 | D3: Environmental Management
B4: C1.2.1.1 | D4: Monitoring of compliance with and reporting on the EMP | E4: month | F4: 20 | H4: =IF(G4=0," ",F4*G4)
A5: C1.2.2 | D5: Programming and Reporting
B6: C1.2.2.1 | D6: Submission of a Scheme 2 Programme | E6: lump sum | F6: Lump | G6: Sum
B7: C1.2.2.2 | D7: Reviewing and updating a Scheme 2 Programme | E7: month | F7: 20 | H7: =IF(G7=0," ",F7*G7)
B8: C1.2.2.6 | D8: Preparation and submission of all information and reports specified in the Contract Documentation | E8: month | F8: 20 | H8: =IF(G8=0," ",F8*G8)
A9: C1.2.3 | D9: Routine road maintenance of existing public roads within the Site of the Works or other public roads outside the Site of the Works which are used as detours
B10: C1.2.3.5 | D10: Base patching using crushed stone material stabilised with bitumen emulsion and cement | E10: cubic metre (m3) | F10: 30 | H10: =IF(G10=0," ",F10*G10)
B11: C1.2.3.7 | D11: Base and/or surface patching using hot plant mixed asphalt | E11: ton (t) | F11: 75 | H11: =IF(G11=0," ",F11*G11)
B12: C1.2.3.11 | D12: Other road maintenance work ordered by the Engineer | E12: provisional sum | F12: Prov | G12: Sum | H12: 100000
B13: C1.2.3.12 | D13: Handling cost, profit and all other charges in respect of item C1.2.3.11 | E13: percentage (%) | F13: =H12 -> 100000 | H13: =IF(G13=0," ",F13*G13)
B14: C1.2.3.13 | D14: Liaison with the routine road maintenance contractor | E14: month | F14: 20 | H14: =IF(G14=0," ",F14*G14)
A15: C1.2.4 | D15: Stakeholder liaison | E15: month | F15: 20 | H15: =IF(G15=0," ",F15*G15)
A16: C1.2.5 | D16: Safety
B17: C1.2.5.1 | D17: Health and safety plan | E17: lump sum | F17: Lump | G17: Sum
B18: C1.2.5.2 | D18: Implementation of health and safety plan | E18: month | F18: 20 | H18: =IF(G18=0," ",F18*G18)
A19: C1.2.6 | D19: Work adjacent to properties
B20: C1.2.6.1 | D20: Survey of adjacent properties | E20: number (No.) | F20: 50 | H20: =IF(G20=0," ",F20*G20)
B21: C1.2.6.2 | D21: Preventive and/or mitigation measures | E21: provisional sum | F21: Prov | G21: Sum | H21: 50000
B22: C1.2.6.3 | D22: Handling cost, profit and all other charges in respect of item C1.2.6.2 | E22: percentage (%) | F22: =H21 -> 50000 | H22: =IF(G22=0," ",F22*G22)
A23: C1.2.7 | D23: Road safety audits
B24: C1.2.7.1 | D24: Stage 4 work zone traffic management audit | E24: provisional sum | F24: Prov | G24: Sum | H24: 150000
B25: C1.2.7.2 | D25: Handling cost, profit and all other charges in respect of item C1.2.7.1 | E25: percentage (%) | F25: =H24 -> 150000 | H25: =IF(G25=0," ",F25*G25)
B26: C1.2.7.3 | D26: Stage 5 pre-opening stage traffic safety audit | E26: provisional sum | F26: Prov | G26: Sum | H26: 150000
B27: C1.2.7.4 | D27: Handling cost, profit and all other charges in respect of item C1.2.7.3 | E27: percentage (%) | F27: =H26 -> 150000 | H27: =IF(G27=0," ",F27*G27)
A28: C1.2.8 | D28: Dayworks
B29: C1.2.8.1 | D29: Personnel
C30: (a) | D30: Unskilled labourer | E30: hour (h) | F30: 500 | H30: =IF(G30=0," ",F30*G30)
C31: (b) | D31: Semi-skilled labourer | E31: hour (h) | F31: 500 | H31: =IF(G31=0," ",F31*G31)
C32: (c) | D32: Skilled labourer | E32: hour (h) | F32: 500 | H32: =IF(G32=0," ",F32*G32)
C33: (d) | D33: Gang leader | E33: hour (h) | F33: 500 | H33: =IF(G33=0," ",F33*G33)
C34: (e) | D34: Foreman | E34: hour (h) | F34: 500 | H34: =IF(G34=0," ",F34*G34)
C35: (f) | D35: Skilled artisan | E35: hour (h) | F35: 500 | H35: =IF(G35=0," ",F35*G35)
B36: C1.2.8.2 | D36: Construction equipment
C37: (a) | D37: Motor grader (CAT 140G or similar) | E37: hour (h) | F37: 40 | H37: =IF(G37=0," ",F37*G37)
C38: (b) | D38: Vibratory roller | E38: hour (h) | F38: 30 | H38: =IF(G38=0," ",F38*G38)
C39: (c) | D39: Pneumatic roller | E39: hour (h) | F39: 30 | H39: =IF(G39=0," ",F39*G39)
C40: (d) | D40: Front end loader (0.5 m3 bucket) | E40: hour (h) | F40: 60 | H40: =IF(G40=0," ",F40*G40)
C41: (e) | D41: Tractor loader backhoe | E41: hour (h) | F41: 30 | H41: =IF(G41=0," ",F41*G41)
C42: (f) | D42: Excavator (5m depth range in intermediate material) | E42: hour (h) | F42: 40 | H42: =IF(G42=0," ",F42*G42)
C43: (g) | D43: Compressor | E43: hour (h) | F43: 40 | H43: =IF(G43=0," ",F43*G43)
C44: (h) | D44: Compactor (Bomag BW 90 or similar) | E44: hour (h) | F44: 40 | H44: =IF(G44=0," ",F44*G44)
C45: (i) | D45: Water truck (5000 litres minimum) | E45: hour (h) | F45: 50 | H45: =IF(G45=0," ",F45*G45)
C46: (j) | D46: Mechanical broom | E46: hour (h) | F46: 100 | H46: =IF(G46=0," ",F46*G46)
C47: (k) | D47: Tractor-trailer combination (43kW, 3 ton min.) | E47: hour (h) | F47: 20 | H47: =IF(G47=0," ",F47*G47)
C48: (l) | D48: Dozer (D6) | E48: hour (h) | F48: 20 | H48: =IF(G48=0," ",F48*G48)
C49: (l) | D49: Small utility loader with attachments (Bobcat or similar) | E49: hour (h) | F49: 50 | H49: =IF(G49=0," ",F49*G49)
D50: TOTAL CARRIED FORWARD | H50: =SUM(H3:H49) -> 450000
A53: SECTION | B53: C1.2 | C53: GENERAL REQUIREMENTS AND PROVISIONS
A54: ITEM | D54: DESCRIPTION | E54: UNIT | F54: QTY | G54: RATE | H54: AMOUNT
D55: TOTAL BOUGHT FORWARD | H55: =H50 -> 450000
B56: C1.2.8.3 | D56: Vehicles
C57: (a) | D57: Light delivery vehicle (1 ton) | E57: kilometre (km) | F57: 500 | H57: =IF(G57=0," ",F57*G57)
C58: (b) | D58: Flatbed truck (3 ton) | E58: kilometre (km) | F58: 500 | H58: =IF(G58=0," ",F58*G58)
C59: (c) | D59: Dump truck | H59: =IF(G59=0," ",F59*G59)
C60: (i) | D60: 3 to 5 ton capacity | E60: kilometre (km) | F60: 600 | H60: =IF(G60=0," ",F60*G60)
C61: (ii) | D61: More than 5 ton capacity | E61: kilometre (km) | F61: 300 | H61: =IF(G61=0," ",F61*G61)
C62: (d) | D62: Delivery bus / truck suitbale for transporting labourers | E62: kilometre (km) | F62: 1600 | H62: =IF(G62=0," ",F62*G62)
B63: C1.2.8.4 | D63: Materials
C64: (a) | D64: Procurement of materials | E64: provisional sum | F64: Prov | G64: Sum | H64: 100000
C65: (b) | D65: Contractor's handling costs, profit and all other charges in respect of item C1.2.8.4(a) | E65: percentage (%) | F65: =H64 -> 100000 | H65: =IF(G65=0," ",F65*G65)
A66: C1.2.9 | D66: Disposal of non-useable assets
B67: C1.2.9.2 | D67: Disposal of non-useable assets not identified at time of tender | E67: provisional sum | F67: Prov | G67: Sum | H67: 50000
B68: C1.2.9.3 | D68: Handling cost, profit and all other charges in respect of item C1.2.9.2 | E68: percentage (%) | F68: =H67 -> 50000 | H68: =IF(G68=0," ",F68*G68)
A69: PC1.2.10 | D69: Dispute Adjudication Board (DAB)
B70: C1.2.10.1 | D70: Employer’s contribution to DAB (50%) | E70: prime cost (PC) sum | F70: Prime | G70: Cost | H70: 300000
A71: =A1 -> SECTION | B71: =B1 -> C1.2 | D71: TOTAL CARRIED FORWARD TO SUMMARY | H71: =SUM(H55:H70) -> 900000

Sheet C1.3
A1: SECTION | B1: C1.3 | C1: CONTRACTOR’S SITE ESTABLISHMENT AND GENERAL OBLIGATIONS
A2: ITEM | D2: DESCRIPTION | E2: UNIT | F2: QTY | G2: RATE | H2: AMOUNT
A3: PC1.3.1 | D3: The Contractor's general obligations
B4: C1.3.1.1 | D4: Fixed obligations | E4: lump sum | F4: Lump | G4: Sum
B5: C1.3.1.2 | D5: Value-related obligations | E5: lump sum | F5: Lump | G5: Sum
B6: C1.3.1.3 | D6: Time-related obligations
C7: (a) | D7: Mobilisation period | E7: month | F7: 4 | H7: =IF(G7=0," ",F7*G7)
C8: (b) | D8: Execution of the works | E8: month | F8: 16 | H8: =IF(G8=0," ",F8*G8)
B9: C1.3.1.4 | D9: Suspension Cost
C10: (a) | D10: De-establishment | E10: number | F10: 2 | H10: =IF(G10=0," ",F10*G10)
C11: (b) | D11: Re-establishment | E11: number | F11: 2 | H11: =IF(G11=0," ",F11*G11)
C12: (c) | D12: Suspension period | E12: month | F12: 3 | H12: =IF(G12=0," ",F12*G12)
C13: (d) | D13: Engineer's cost | E13: prime cost (PC) sum | F13: Prime | G13: Cost | H13: 1500000
B14: PC1.3.1.5 | D14: Monthly aerial and ground photos for progress report puposes | E14: month | F14: 16 | H14: =IF(G14=0," ",F14*G14)
A15: C1.3.2 | D15: Contract sign boards | E15: square metre (m2) | F15: 35 | H15: =IF(G15=0," ",F15*G15)
A16: =A1 -> SECTION | B16: =B1 -> C1.3 | D16: TOTAL CARRIED FORWARD TO SUMMARY | H16: =SUM(H3:H15) -> 1500000
F152: metre (m)
F153: metre (m)
A158: C2.3.27 | E158: Extra over item C2.3.21 for encasing (wrapping) joints
B159: C2.3.27.1 | E159: State for each water main the number of joints to be encased (wrapped)
E160: State diameter
E161: State diameter
A162: C2.3.28 | E162: Installation of hydrants and water meters
B163: C2.3.28.1 | E163: Describe hydrant type
B164: C2.3.28.2 | E164: Describe water meter type
B165: C2.3.28.3 | E165: Etc., insert additional items as required
A166: C2.3.29 | E166: Bedding for water mains (Class B and C) and fill blanket compacted to 90 % of MDD (100 % for sand)
B167: C2.3.29.1
B172: C2.3.29.2

Sheet C1.4
A1: SECTION | B1: C1.4 | C1: FACILITIES FOR THE ENGINEER
A2: ITEM | D2: DESCRIPTION | E2: UNIT | F2: QTY | G2: RATE | H2: AMOUNT
A3: C1.4.1 | D3: Site accommodation
B4: C1.4.1.1 | D4: Offices and conference room | E4: square metre (m2) | F4: 150 | H4: =IF(G4=0," ",F4*G4)
B5: C1.4.1.2 | D5: Laboratories | E5: square metre (m2) | F5: 320 | H5: =IF(G5=0," ",F5*G5)
B6: C1.4.1.3 | D6: Open concrete working floors and verandas | E6: square metre (m2) | F6: 50 | H6: =IF(G6=0," ",F6*G6)
B7: C1.4.1.4 | D7: Roofs over open concrete working floors and verandas | E7: square metre (m2) | F7: 35 | H7: =IF(G7=0," ",F7*G7)
B8: C1.4.1.5 | D8: Store rooms inside the laboratory | E8: square metre (m2) | F8: 15 | H8: =IF(G8=0," ",F8*G8)
B9: C1.4.1.6 | D9: Car ports | E9: number (No.) | F9: 10 | H9: =IF(G9=0," ",F9*G9)
B10: C1.4.1.7 | D10: Ablution unit (equipped as specified) | E10: number (No.) | F10: 2 | H10: =IF(G10=0," ",F10*G10)
B11: C1.4.1.8 | D11: Change room with a shower | E11: number (No.) | F11: 2 | H11: =IF(G11=0," ",F11*G11)
B12: C1.4.1.9 | D12: Kitchen unit (equipped as specified) | E12: number (No.) | F12: 1 | H12: =IF(G12=0," ",F12*G12)
B13: C1.4.1.13 | D13: Rented housing paid for by the Contractor | E13: provisional sum | F13: Prov | G13: Sum | H13: 250000
B14: C1.4.1.14 | D14: Contractor's handling costs, profit and all other charges in respect of item C1.4.1.13 | E14: percentage (%) | F14: =H13 -> 250000 | H14: =IF(G14=0," ",F14*G14)
A15: C1.4.2 | D15: Items measured by area
B16: C1.4.2.1 | D16: Shelving as specified, complete with brackets | E16: square metre (m2) | F16: 10 | H16: =IF(G16=0," ",F16*G16)
B17: C1.4.2.2 | D17: Work benches with a concrete slab top | E17: square metre (m2) | F17: 18 | H17: =IF(G17=0," ",F17*G17)
B18: C1.4.2.3 | D18: Work-benches with a wooden top | E18: square metre (m2) | F18: 15 | H18: =IF(G18=0," ",F18*G18)
B19: C1.4.2.4 | D19: Constant-temperature baths of concrete and/or plastered brick | E19: square metre (m2) | F19: 6 | H19: =IF(G19=0," ",F19*G19)
B20: C1.4.2.5 | D20: Concrete footings and pedestals for laboratory equipment | E20: square metre (m2) | F20: 3 | H20: =IF(G20=0," ",F20*G20)
B21: C1.4.2.6 | D21: Roller blinds, opaque type | E21: square metre (m2) | F21: 25 | H21: =IF(G21=0," ",F21*G21)
B22: C1.4.2.7 | D22: Venetian blinds | E22: square metre (m2) | F22: 15 | H22: =IF(G22=0," ",F22*G22)
B23: C1.4.2.8 | D23: Notice boards | E23: square metre (m2) | F23: 20 | H23: =IF(G23=0," ",F23*G23)
B24: C1.4.2.9 | D24: White boards | E24: square metre (m2) | F24: 15 | H24: =IF(G24=0," ",F24*G24)
B25: C1.4.2.10 | D25: Galvanised wire mesh fencing for store rooms | E25: square metre (m2) | F25: 35 | H25: =IF(G25=0," ",F25*G25)
B26: C1.4.2.11 | D26: Galvanised wire mesh store room gate with a padlock | E26: square metre (m2) | F26: 5 | H26: =IF(G26=0," ",F26*G26)
A27: PC1.4.3 | D27: Items measured by number
B28: C1.4.3.1 | D28: Office swivel chair | E28: number (No.) | F28: 6 | H28: =IF(G28=0," ",F28*G28)
B29: C1.4.3.2 | D29: Office chair | E29: number (No.) | F29: 32 | H29: =IF(G29=0," ",F29*G29)
B30: C1.4.3.3 | D30: Draughtsman's stool | E30: number (No.) | F30: 6 | H30: =IF(G30=0," ",F30*G30)
B31: C1.4.3.4 | D31: Laboratory high chair | E31: number (No.) | F31: 12 | H31: =IF(G31=0," ",F31*G31)
B32: C1.4.3.5 | D32: Office desk with 3 drawers (at least one lockable drawer) | E32: number (No.) | F32: 6 | H32: =IF(G32=0," ",F32*G32)
B33: C1.4.3.6 | D33: Typist desk (L-shaped) | E33: number (No.) | F33: 2 | H33: =IF(G33=0," ",F33*G33)
B34: C1.4.3.7 | D34: Drawing table | E34: number (No.) | F34: 3 | H34: =IF(G34=0," ",F34*G34)
B35: C1.4.3.8 | D35: Conference table | E35: number (No.) | F35: 2 | H35: =IF(G35=0," ",F35*G35)
B36: C1.4.3.9 | D36: Bookcase | E36: number (No.) | F36: 4 | H36: =IF(G36=0," ",F36*G36)
B37: C1.4.3.10 | D37: Filing cabinet | E37: number (No.) | F37: 4 | H37: =IF(G37=0," ",F37*G37)
B38: C1.4.3.11 | D38: General purpose steel cabinet with shelves | E38: number (No.) | F38: 4 | H38: =IF(G38=0," ",F38*G38)
B39: C1.4.3.12 | D39: Wall mounted pivot plan filing system | E39: number (No.) | F39: 4 | H39: =IF(G39=0," ",F39*G39)
B40: C1.4.3.13 | D40: 220/250 volt power outlet plug point | E40: number (No.) | F40: 25 | H40: =IF(G40=0," ",F40*G40)
D41: TOTAL CARRIED FORWARD | H41: =SUM(H3:H40) -> 250000
A44: SECTION | B44: C1.4 | C44: FACILITIES FOR THE ENGINEER
A45: ITEM | D45: DESCRIPTION | E45: UNIT | F45: QTY | G45: RATE | H45: AMOUNT
D46: TOTAL BOUGHT FORWARD | H46: =H41 -> 250000
B47: C1.4.3.14 | D47: 400/231 volt 3-phase power outlet plug point | E47: number (No.) | F47: 1 | H47: =IF(G47=0," ",F47*G47)
B48: C1.4.3.16 | D48: Single 1500mm, 22 watt LED tube ceiling light | E48: number (No.) | F48: 24 | H48: =IF(G48=0," ",F48*G48)
B49: C1.4.3.18 | D49: 7 watt LED bulb ceiling light | E49: number (No.) | F49: 8 | H49: =IF(G49=0," ",F49*G49)
B50: C1.4.3.19 | D50: Wash-hand basin | E50: number (No.) | F50: 2 | H50: =IF(G50=0," ",F50*G50)
B51: C1.4.3.20 | D51: Laboratory basin | E51: number (No.) | F51: 4 | H51: =IF(G51=0," ",F51*G51)
B52: C1.4.3.21 | D52: Extractor fan | E52: number (No.) | F52: 2 | H52: =IF(G52=0," ",F52*G52)
B53: C1.4.3.22 | D53: Fume cupboard | E53: number (No.) | F53: 1 | H53: =IF(G53=0," ",F53*G53)
B54: C1.4.3.23 | D54: Fire extinguisher 9,0 kg, dry powder type | E54: number (No.) | F54: 10 | H54: =IF(G54=0," ",F54*G54)
B55: C1.4.3.24 | D55: Air-conditioning unit (2,2 kW min capacity) | E55: number (No.) | F55: 6 | H55: =IF(G55=0," ",F55*G55)
B56: C1.4.3.26 | D56: Concrete specimen curing bath | E56: number (No.) | F56: 1 | H56: =IF(G56=0," ",F56*G56)
B57: C1.4.3.27 | D57: Waste paper basket | E57: number (No.) | F57: 12 | H57: =IF(G57=0," ",F57*G57)
B58: C1.4.3.28 | D58: UPS / Voltage stabiliser | E58: number (No.) | F58: 7 | H58: =IF(G58=0," ",F58*G58)
... B70: PC1.4.3.40 | D70: Floodlights complete wth poles and 500 watt minimum globes | E70: number (No.) | F70: 5 | H70: =IF(G70=0," ",F70*G70)
A71: C1.4.4 | D71: Prime cost items
B73: C1.4.4.1 | D73: Cell phones costs, including pro-rata rentals, for calls made in connection with contract administration | E73: prime cost (PC) sum | F73: Prime | G73: Cost | H73: 25000
B74: C1.4.4.2 | D74: Handling costs and profit in respect of item C1.4.4.1 | E74: percentage (%) | F74: =H73 -> 25000 | H74: =IF(G74=0," ",F74*G74)
B75: C1.4.4.5 | D75: The provision of internet connectivity and WiFi data for Engineer’s site staff | E75: prime cost (PC) sum | F75: Prime | G75: Cost | H75: 6500
B76: C1.4.4.6 | D76: Handling costs and profit in respect of item C1.4.4.5 | E76: percentage (%) | F76: =H75 -> 6500 | H76: =IF(G76=0," ",F76*G76)
B77: C1.4.4.7 | D77: The provision of paper and ink for a combination colour printer/copier/scanner | E77: prime cost (PC) sum | F77: Prime | G77: Cost | H77: 24000
B78: C1.4.4.8 | D78: Handling costs and profit in respect of item C1.4.4.7 | E78: percentage (%) | F78: =H77 -> 24000 | H78: =IF(G78=0," ",F78*G78)
B79: C1.4.4.9 | D79: The provision of a complete 220/250 volt single phase electrical power installation, including all poles, insulators, wiring, switchboards, mains connections, meters etc. | E79: prime cost (PC) sum | F79: Prime | G79: Cost | H79: 17500
B80: C1.4.4.10 | D80: Handling costs and profit in respect of item C1.4.4.9 | E80: percentage (%) | F80: =H79 -> 17500 | H80: =IF(G80=0," ",F80*G80)
B81: C1.4.4.11 | D81: The provision of a complete 440/231 volt three phase electrical power installation, including all poles, insulators, wiring, switchboards, mains connections, meters etc. | E81: prime cost (PC) sum | F81: Prime | G81: Cost | H81: 17500
B82: C1.4.4.12 | D82: Handling costs and profit in respect of item C1.4.4.11 | E82: percentage (%) | F82: =H81 -> 17500 | H82: =IF(G82=0," ",F82*G82)
D83: TOTAL CARRIED FORWARD | H83: =SUM(H46:H82) -> 340500
A86: SECTION | B86: C1.4 | C86: FACILITIES FOR THE ENGINEER
A87: ITEM | D87: DESCRIPTION | E87: UNIT | F87: QTY | G87: RATE | H87: AMOUNT
D88: TOTAL BOUGHT FORWARD | H88: =H83 -> 340500
B89: C1.4.4.13 | D89: Provision of a 440/231 volt three phase electricity generator if electricity from a power supply authority is not available on site | E89: prime cost (PC) sum | F89: Prime | G89: Cost | H89: 85000
B90: C1.4.4.14 | D90: Handling costs and profit in respect of item C1.4.4.13 | E90: percentage (%) | F90: =H89 -> 85000 | H90: =IF(G90=0," ",F90*G90)
B91: C1.4.4.15 | D91: The provision of all gas installations required at the site offices, laboratories and at the Engineer’s staff accommodation (if required), including gas storage cylinders, tubing, regulators, gas burners and shut-off cocks | E91: prime cost (PC) sum | F91: Prime | G91: Cost | H91: 14500
B92: C1.4.4.16 | D92: Handling costs and profit in respect of item C1.4.4.15 | E92: percentage (%) | F92: =H91 -> 14500 | H92: =IF(G92=0," ",F92*G92)
A93: C1.4.5 | D93: Services at site offices, laboratories and site accommodation
B95: C1.4.5.1 | D95: Fixed costs | E95: lump sum | F95: Lump | G95: Sum
B96: C1.4.5.2 | D96: Running costs | E96: month | F96: 16 | H96: =IF(G96=0," ",F96*G96)
A97: C1.4.6 | D97: Office staff
B98: C1.4.6.1 | D98: Secretary / receptionist | E98: provisional sum | F98: Prov | G98: Sum | H98: 400000
B99: C1.4.6.2 | D99: Technical assistant | E99: provisional sum | F99: Prov | G99: Sum | H99: 400000
A100: C1.4.7 | D100: Site inspection transport
B101: C1.4.7.1 | D101: Provision of a bus, mini-bus or combi van for site inspection purposes (minimum 10-seater capacity) | E101: per day | F101: 32 | H101: =IF(G101=0," ",F101*G101)
B102: C1.4.7.2 | D102: Travel on site | E102: kilometre (km) | F102: 1200 | H102: =IF(G102=0," ",F102*G102)
A103: C1.4.8 | D103: Site security measures for the Engineer’s facilities
B104: C1.4.8.1 | D104: Supply and installation of all required security measures at the Engineer’s site offices and laboratories | E104: lump sum | F104: Lump | G104: Sum
B105: C1.4.8.2 | D105: Provision of security guards / watchmen and an armed response service at the Engineer’s site offices and laboratories | E105: month | F105: 20 | H105: =IF(G105=0," ",F105*G105)
B106: C1.4.8.3 | D106: Supply and installation of all required security measures at the Engineer’s site accommodation | E106: lump sum | F106: Lump | G106: Sum
B107: C1.4.8.5 | D107: Supply and installation of an alarm system at the Engineer’s rented accommodation (4 houses) | E107: lump sum | F107: Lump | G107: Sum
A108: =A1 -> SECTION | B108: =B1 -> C1.4 | D108: TOTAL CARRIED FORWARD TO SUMMARY | H108: =SUM(H88:H107) -> 1240000

Sheet C1.5
A1: SECTION | B1: C1.5 | D1: ACCOMMODATION OF TRAFFIC
A2: ITEM | D2: DESCRIPTION | E2: UNIT | F2: QTY | G2: RATE | H2: AMOUNT
A3: C1.5.1 | D3: Accommodation of pedestrian and non-motorised traffic
B4: C1.5.1.1 | D4: Accommodation of pedestrian and non-motorised traffic | E4: month | F4: 16 | H4: =IF(G4=0," ",F4*G4)
B5: C1.5.1.2 | D5: Construction of temporary pedestrian walkways and/or cycle paths:
C6: (a) | D6: Gravel surfaced pedestrian walkways / cycle paths | E6: square metre (m2) | F6: 300 | H6: =IF(G6=0," ",F6*G6)
C7: (c) | D7: 60mm concrete block paved pedestrian walkways / cycle paths | E7: square metre (m2) | F7: 100 | H7: =IF(G7=0," ",F7*G7)
A8: C1.5.2 | D8: Accommodation of vehicular traffic | E8: month | F8: 16 | H8: =IF(G8=0," ",F8*G8)
A9: C1.5.3 | D9: Liaison with traffic authorities | E9: month | F9: 16 | H9: =IF(G9=0," ",F9*G9)
A10: C1.5.7 | D10: Temporary traffic control facilities
B11: C1.5.7.1 | D11: Delineators including mounting bases and ballast:
C12: (b) | D12: Double sided, reversible left or right (200 x 800mm reflective area) | E12: number (No.) | F12: 1000 | H12: =IF(G12=0," ",F12*G12)
B13: C1.5.7.2 | D13: Traffic cones, minimum height 750mm | E13: number (No.) | F13: 200 | H13: =IF(G13=0," ",F13*G13)
B14: C1.5.7.3 | D14: Flagmen | E14: man-shift | F14: 7560 | H14: =IF(G14=0," ",F14*G14)
B15: C1.5.7.4 | D15: Traffic controllers | E15: man-shift | F15: 1650 | H15: =IF(G15=0," ",F15*G15)
B16: PC1.5.7.5 | D16: Provision of illuminated traffic signs:
C17: (a) | D17: Sign mounted flashing amber lights (2 lights with the specified power supply) mounted on a backing board which is:
C18: (ii) | D18: 1200mm wide x 200mm high | E18: number (No.) | F18: 16 | H18: =IF(G18=0," ",F18*G18)
C19: (b) | D19: Flashing LED illuminated arrow board | E19: number (No.) | F19: 4 | H19: =IF(G19=0," ",F19*G19)
C20: (c) | D20: Illuminated road sign – R & TR series (1200mm diam.) | E20: number (No.) | F20: 70 | H20: =IF(G20=0," ",F20*G20)
C21: (d) | D21: Illuminated road sign – TW series (1200mm) | E21: number (No.) | F21: 60 | H21: =IF(G21=0," ",F21*G21)
C22: (e) | D22: Mobile variable message sign | E22: number (No.) | F22: 2 | H22: =IF(G22=0," ",F22*G22)
C23: (f) | D23: Mobile variable message sign with a speed measuring and display capability | E23: number (No.) | F23: 1 | H23: =IF(G23=0," ",F23*G23)
C24: (g) | D24: Road signs, STW-, DTG-, TGS-, TIN and TG-series (excluding delineators and barricades) | E24: square metre (m2) | F24: 30 | H24: =IF(G24=0," ",F24*G24)
B25: PC1.5.7.6 | D25: Maintenance of illuminated traffic signs:
C26: (a) | D26: Sign mounted flashing amber lights (a pair of two lights mounted on a separate backing board) | E26: month | F26: 16 | H26: =IF(G26=0," ",F26*G26)
C27: (b) | D27: Flashing LED illuminated arrow board | E27: month | F27: 16 | H27: =IF(G27=0," ",F27*G27)
C28: (c) | D28: Illuminated road sign – R & TR series (diameter indicated) | E28: month | F28: 16 | H28: =IF(G28=0," ",F28*G28)
C29: (d) | D29: Illuminated road sign – TW series (length of sides indicated) | E29: month | F29: 16 | H29: =IF(G29=0," ",F29*G29)
C30: (e) | D30: Mobile variable message sign | E30: month | F30: 16 | H30: =IF(G30=0," ",F30*G30)
C31: (f) | D31: Mobile variable message sign with a speed measuring and display capability | E31: month | F31: 16 | H31: =IF(G31=0," ",F31*G31)
C32: (g) | D32: Road signs, STW-, DTG-, TGS-, TIN and TG-series (excluding delineators and barricades) | E32: month | F32: 16 | H32: =IF(G32=0," ",F32*G32)
B33: C1.5.7.7 | D33: Traffic calming devices:
C34: (a) | D34: 25mm high x 100mm wide asphalt rumble strips | E34: metre (m) | F34: 45 | H34: =IF(G34=0," ",F34*G34)
C35: (b) | D35: 50mm high x 500mm wide asphalt rumble strips | E35: metre (m) | F35: 40 | H35: =IF(G35=0," ",F35*G35)
B36: PC1.5.7.8 | D36: Traffic control stations (2 sets for both sides of closure) | E36: month | F36: 16 | H36: =IF(G36=0," ",F36*G36)
B37: C1.5.7.9 | D37: Cleaning of traffic control facilities | E37: month | F37: 16 | H37: =IF(G37=0," ",F37*G37)
A38: C1.5.8 | D38: Traffic safety officer | E38: man-month | F38: 16 | H38: =IF(G38=0," ",F38*G38)
A39: C1.5.9 | D39: Traffic safety vehicle | E39: month | F39: 16 | H39: =IF(G39=0," ",F39*G39)
D40: TOTAL CARRIED FORWARD | H40: =SUM(H3:H39) -> 0
A43: SECTION | B43: C1.5 | D43: ACCOMMODATION OF TRAFFIC
A44: ITEM | D44: DESCRIPTION | E44: UNIT | F44: QTY | G44: RATE | H44: AMOUNT
D45: TOTAL BOUGHT FORWARD | H45: =H40 -> 0
A46: C1.5.10 | D46: Tow trucks
B47: C1.5.10.1 | D47: Provision of a tow truck on call for light vehicles weighing less than two tonnes | E47: month | F47: 16 | H47: =IF(G47=0," ",F47*G47)
B48: C1.5.10.2 | D48: Provision of a tow truck on call for heavy vehicles weighing two tonnes or more | E48: month | F48: 16 | H48: =IF(G48=0," ",F48*G48)
A49: C1.5.11 | D49: Provision of safety equipment for visitors
B50: C1.5.11.1 | D50: Provision of reflective safety vests for visitors | E50: number (No.) | F50: 20 | H50: =IF(G50=0," ",F50*G50)
B51: C1.5.11.2 | D51: Provision of hard hats for visitors | E51: number (No.) | F51: 20 | H51: =IF(G51=0," ",F51*G51)
A52: C1.5.12 | D52: Additional traffic accommodation facilities ordered by the Engineer:
B53: C1.5.12.1 | D53: Provision of additional traffic accommodation facilities | E53: provisional sum | F53: Prov | G53: Sum | H53: 100000
B54: C1.5.12.2 | D54: Handling cost, profit and all other charges in respect of item C1.5.12.1 | E54: percentage (%) | F54: =H53 -> 100000 | H54: =IF(G54=0," ",F54*G54)
A55: =A1 -> SECTION | B55: =B1 -> C1.5 | D55: TOTAL CARRIED FORWARD TO SUMMARY | H55: =SUM(H45:H54) -> 100000

Sheet C1.6
A1: SECTION | B1: C1.6 | E1: CLEARING AND GRUBBING
A2: ITEM | D2: DESCRIPTION | E2: UNIT | F2: QTY | G2: RATE | H2: AMOUNT
A3: C1.6.1 | D3: Clearing
B4: C1.6.1.1 | D4: Clearing with machines and some hand labour where necessary | E4: hectare (ha) | F4: 1 | H4: =IF(G4=0," ",F4*G4)
B5: C1.6.1.2 | D5: Clearing with hand labour only when labour enhanced work is specified | E5: hectare (ha) | F5: 0.1 | H5: =IF(G5=0," ",F5*G5)
B6: C1.6.1.3 | D6: Clearing for new fence lines (over a width of 2,0m) | E6: kilometre (km) | F6: 1.3 | H6: =IF(G6=0," ",F6*G6)
B7: C1.6.1.4 | D7: Clearing for service trenches (over the agreed width required) | E7: square metre (m2) | F7: 500 | H7: =IF(G7=0," ",F7*G7)
A8: C1.6.2 | D8: Grubbing
B9: C1.6.2.1 | D9: Grubbing with machines and some hand labour where necessary | E9: hectare (ha) | F9: 0.8 | H9: =IF(G9=0," ",F9*G9)
B10: C1.6.2.2 | D10: Grubbing with hand labour when labour enhancement work is specified or it is not practical to use a machine | E10: hectare (ha) | F10: 0.1 | H10: =IF(G10=0," ",F10*G10)
B11: C1.6.2.3 | D11: Grubbing by hand for new fence lines (over a width of 2,0m) | E11: kilometre (km) | F11: 1.3 | H11: =IF(G11=0," ",F11*G11)
B12: C1.6.2.4 | D12: Grubbing by hand for service trenches (over the agreed width required) | E12: square metre (m2) | F12: 500 | H12: =IF(G12=0," ",F12*G12)
A13: C1.6.3 | D13: Removal and grubbing of large trees and tree stumps:
B14: C1.6.3.1 | D14: Girth equal to or exceeding 1,0m up to and including 2,0m | E14: number (No.) | F14: 12 | H14: =IF(G14=0," ",F14*G14)
A15: C1.6.9 | D15: Conservation of topsoil:
B16: C1.6.9.1 | D16: Stockpiling topsoil | E16: cubic metre (m3) | F16: 1100 | H16: =IF(G16=0," ",F16*G16)
A17: C1.6.10 | D17: Disposal of hazardous waste material:
B18: C1.6.10.1 | D18: Disposal of hazardous waste material at an approved hazardous waste material facility | E18: provisional sum | F18: Prov | G18: Sum | H18: 100000
B19: C1.6.10.2 | D19: Handling cost, profit and all other charges in respect of item C1.6.10.1 | E19: percentage (%) | F19: =H18 -> 100000 | H19: =IF(G19=0," ",F19*G19)
A20: =A1 -> SECTION | B20: =B1 -> C1.6 | D20: TOTAL CARRIED FORWARD TO SUMMARY | H20: =SUM(H3:H19) -> 100000

Sheet C1.7
A1: SECTION | B1: C1.7 | D1: LOADING AND HAULING
A2: ITEM | D2: DESCRIPTION | E2: UNIT | F2: QTY | G2: RATE | H2: AMOUNT
A3: C1.7.1 | D3: Loading
B4: C1.7.1.1 | D4: Loading from stockpile using machines and some hand labour where necessary | E4: cubic metre (m3) | F4: 750 | H4: =IF(G4=0," ",F4*G4)
B5: C1.7.1.2 | D5: Loading from heaps or windrows using machines and / some hand labour where necessary | E5: cubic metre (m3) | F5: 250 | H5: =IF(G5=0," ",F5*G5)
B6: C1.7.1.3 | D6: Loading by hand only from stockpile or heaps when labour enhancement work is specified or it is not possible to use machines | E6: cubic metre (m3) | F6: 2750 | H6: =IF(G6=0," ",F6*G6)
A7: C1.7.2 | D7: Hauling
B8: C1.7.2.1 | D8: Hauling material for use in the Works and off-loading it on the site of the Works:
C9: (a) | D9: Soil, gravel, crushed stone and pavement layer material | E9: cubic metre - kilometre (m3 - km) | F9: =1500*5 -> 7500 | H9: =IF(G9=0," ",F9*G9)
B10: C1.7.2.2 | D10: Hauling material to spoil and off-loading it at a designated spoil or stockpile area:
C11: (a) | D11: Cleared and grubbed material (organic matter and all other unsuitable or waste material) | E11: cubic metre - kilometre (m3 - km) | F11: 15000 | H11: =IF(G11=0," ",F11*G11)
C12: (b) | D12: Soil and gravel material | E12: cubic metre - kilometre (m3 - km) | F12: 15000 | H12: =IF(G12=0," ",F12*G12)
A13: =A1 -> SECTION | B13: =B1 -> C1.7 | D13: TOTAL CARRIED FORWARD TO SUMMARY | H13: =SUM(H3:H12) -> 0

Sheet C2.1
A1: SECTION | B1: C2.1 | D1: GENERAL REQUIREMENTS AND TRENCHING FOR SERVICES
A2: ITEM | D2: DESCRIPTION | E2: UNIT | F2: QTY | G2: RATE | H2: AMOUNT
A3: C2.1.1 | D3: Location, identification, protection and relocation of existing services
B4: C2.1.1.1 | D4: Contractor’s obligations | E4: lump sum | F4: Lump | G4: Sum
B5: C2.1.1.2 | D5: Permanent services relocation or protection work by others (Street lighting included) | E5: prime cost (PC) sum | F5: Prime | G5: Cost | H5: 3500000
B6: C2.1.1.3 | D6: Handling costs and profit in respect of item C2.1.1.2 above | E6: percentage (%) | F6: =H5 -> 3500000 | H6: =IF(G6=0," ",F6*G6)
B7: C2.1.1.4 | D7: Permanent services relocation or protection work by the Contractor | E7: provisional sum | F7: Prov | G7: Sum | H7: 25000
A8: C2.1.3 | D8: Obtaining construction or work permits | E8: lump sum | F8: Lump | G8: Sum
A9: C2.1.5 | D9: Provision of record drawings and applicable data | E9: lump sum | F9: Lump | G9: Sum
A10: C2.1.6 | D10: Trench excavation (in soft material)
B11: C2.1.6.1 | D11: Trenches up to 1,0m wide
C12: (a) | D12: Up to 1,0m deep | E12: cubic metre (m3) | F12: 180 | H12: =IF(G12=0," ",F12*G12)
C13: (b) | D13: Over 1,0m and up to 2,0m deep | E13: cubic metre (m3) | F13: 30 | H13: =IF(G13=0," ",F13*G13)
B14: C2.1.6.2 | D14: Trenches over 1,0m and up to 2,0m wide
C15: (a) | D15: Up to 1,0m deep | E15: cubic metre (m3) | F15: 180 | H15: =IF(G15=0," ",F15*G15)
C16: (b) | D16: Over 1,0m and up to 2,0m deep | E16: cubic metre (m3) | F16: 30 | H16: =IF(G16=0," ",F16*G16)
A17: C2.1.7 | D17: Extra over items C2.1.6, C2.1.8 and C2.1.16 for excavating in:
B18: C2.1.7.1 | D18: Hard material irrespective of depth | E18: cubic metre (m3) | F18: 25 | H18: =IF(G18=0," ",F18*G18)
B19: C2.1.7.2 | D19: Stabilised material irrespective of depth | E19: cubic metre (m3) | F19: 15 | H19: =IF(G19=0," ",F19*G19)
A20: C2.1.9 | D20: Trench excavation using labour enhanced construction methods
B21: C2.1.9.1 | D21: Trenches up to 1,0m wide (in soft material)
C22: (a) | D22: Up to 1,0m deep | E22: cubic metre (m3) | F22: 90 | H22: =IF(G22=0," ",F22*G22)
C23: (b) | D23: Over 1,0m and up to 1,5m deep | E23: cubic metre (m3) | F23: 15 | H23: =IF(G23=0," ",F23*G23)
B24: C2.1.9.2 | D24: Trenches over 1,0m and up to 2,0m wide (in soft material)
C25: (a) | D25: Up to 1,0m deep | E25: cubic metre (m3) | F25: 90 | H25: =IF(G25=0," ",F25*G25)
C26: (b) | D26: Over 1,0m and up to 1,5m deep | E26: cubic metre (m3) | F26: 15 | H26: =IF(G26=0," ",F26*G26)
B27: C2.1.9.3 | D27: Trenches up to 1,0m wide (in intermediate material)
C28: (a) | D28: Up to 1,0m deep | E28: cubic metre (m3) | F28: 90 | H28: =IF(G28=0," ",F28*G28)
C29: (b) | D29: Over 1,0m and up to 1,5m deep | E29: cubic metre (m3) | F29: 15 | H29: =IF(G29=0," ",F29*G29)
B30: C2.1.9.4 | D30: Trenches over 1,0m and up to 2,0m wide (in intermediate material)
C31: (a) | D31: Up to 1,0m deep | E31: cubic metre (m3) | F31: 90 | H31: =IF(G31=0," ",F31*G31)
C32: (b) | D32: Over 1,0m and up to 1,5m deep | E32: cubic metre (m3) | F32: 15 | H32: =IF(G32=0," ",F32*G32)
D33: TOTAL CARRIED FORWARD | H33: =SUM(H3:H32) -> 3525000
A36: SECTION | B36: C2.1 | D36: GENERAL REQUIREMENTS AND TRENCHING FOR SERVICES
A37: ITEM | D37: DESCRIPTION | E37: UNIT | F37: QTY | G37: RATE | H37: AMOUNT
D38: TOTAL BOUGHT FORWARD | H38: =H33 -> 3525000
A39: C2.1.11 | D39: Backfilling of trenches
B40: C2.1.11.1 | D40: Backfill compacted to 93% (100% for sand) of MDD using material:
C41: (a) | D41: From the excavated trench material | E41: cubic metre (m3) | F41: 120 | H41: =IF(G41=0," ",F41*G41)
C42: (b) | D42: From other excavations on Site | E42: cubic metre (m3) | F42: 60 | H42: =IF(G42=0," ",F42*G42)
C43: (d) | D43: From sources provided by the Contractor | E43: cubic metre (m3) | F43: 120 | H43: =IF(G43=0," ",F43*G43)
C44: (e) | D44: From commercial sources (Type G7 material) | E44: cubic metre (m3) | F44: 60 | H44: =IF(G44=0," ",F44*G44)
A45: C2.1.13 | D45: Extra over item C2.1.11 for backfilling with soil cement or stabilised material
B46: C2.1.13.1 | D46: Backfilling trenches using soil cement using (state type of material i.e. G5, G7 or G8) material | E46: cubic metre (m3) | F46: 240 | H46: =IF(G46=0," ",F46*G46)
A47: C2.1.14 | D47: Extra over items C2.1.11, C2.1.12 and C2.1.13 for additional compaction of backfill
B48: C2.1.14.2 | D48: Compaction increased from 93% of MDD to 95% of MDD | E48: cubic metre (m3) | F48: 120 | H48: =IF(G48=0," ",F48*G48)
A49: C2.1.17 | D49: Removal and disposal of spoil material from trench excavations:
B50: C2.1.17.2 | D50: To spoil sites or dumping areas provided by the Contractor | E50: cubic metre (m3) | F50: 100 | H50: =IF(G50=0," ",F50*G50)
A51: C2.1.18 | D51: Timbering, strutting and shoring
B52: C2.1.18.1 | D52: Timbering, strutting and shoring left in excavations | E52: square metre (m2) | F52: 35 | H52: =IF(G52=0," ",F52*G52)
A53: C2.1.19 | D53: Dealing with water during services work
B54: C2.1.19.1 | D54: Dealing with surface water | E54: lump sum | F54: Lump | G54: Sum
B55: C2.1.19.2 | D55: Dealing with subsurface water | E55: lump sum | F55: Lump | G55: Sum
A56: C2.1.24 | D56: Saw-cutting before excavation
B57: C2.1.24.1 | D57: Saw-cutting asphalt to an average depth:
C58: (a) | D58: Not exceeding 50mm | E58: square metre (m2) | F58: 50 | H58: =IF(G58=0," ",F58*G58)
C59: (b) | D59: Exceeding 50mm but not exceeding 100mm | E59: square metre (m2) | F59: 25 | H59: =IF(G59=0," ",F59*G59)
A60: C2.1.27 | D60: Demolition of existing manholes, access chambers and other service structures consisting of:
B61: C2.1.27.1 | D61: Unreinforced concrete | E61: cubic metre (m3) | F61: 5 | H61: =IF(G61=0," ",F61*G61)
B62: C2.1.27.2 | D62: Reinforced concrete | E62: cubic metre (m3) | F62: 5 | H62: =IF(G62=0," ",F62*G62)
A63: =A1 -> SECTION | B63: =B1 -> C2.1 | D63: TOTAL CARRIED FORWARD TO SUMMARY | H63: =SUM(H38:H62) -> 3525000

Sheet C3.1
A1: SECTION | B1: C3.1 | D1: DRAINS
A2: ITEM | D2: DESCRIPTION | E2: UNIT | F2: QTY | G2: RATE | H2: AMOUNT
A3: C3.1.1 | D3: Excavation for open drains:
B4: C3.1.1.1 | D4: Excavating all material situated within the following depth ranges below the surface level using conventional methods:
C5: (a) | D5: 0m to 1,5m | E5: cubic metre (m3) | F5: 260 | H5: =IF(G5=0," ",F5*G5)
C6: (b) | D6: Exceeding 1,5m and up to 3,0m | E6: cubic metre (m3) | F6: 30 | H6: =IF(G6=0," ",F6*G6)
B7: C3.1.1.2 | D7: Extra over sub-item C3.1.1.1 for excavation in hard and boulder material, irrespective of depth | E7: cubic metre (m3) | F7: 30 | H7: =IF(G7=0," ",F7*G7)
B8: C3.1.1.4 | D8: Excavating soft material situated 0m to 1,5m below the surface level using labour enhanced construction methods | E8: cubic metre (m3) | F8: 100 | H8: =IF(G8=0," ",F8*G8)
B9: C3.1.1.5 | D9: Excavating intermediate material situated 0m to 1,5m below the surface level using labour enhanced construction methods | E9: cubic metre (m3) | F9: 30 | H9: =IF(G9=0," ",F9*G9)
A10: C3.1.16 | D10: Loading and hauling of material in excess of 1,0 km | E10: cubic metre - kilometre (m3 - km) | F10: 1000 | H10: =IF(G10=0," ",F10*G10)
A11: =A1 -> SECTION | B11: =B1 -> C3.1 | D11: TOTAL CARRIED FORWARD TO SUMMARY | H11: =SUM(H3:H10) -> 0

Sheet C3.2
A1: SECTION | B1: C3.2 | E1: CULVERTS
A2: ITEM | D2: DESCRIPTION | E2: UNIT | F2: QTY | G2: RATE | H2: AMOUNT
A3: C3.2.1 | D3: Excavation for culvert structures:
B4: C3.2.1.1 | D4: Excavating in all material situated within the following depth ranges below the surface level:
C5: (a) | D5: 0m to 1,5m | E5: cubic metre (m3) | F5: 180 | H5: =IF(G5=0," ",F5*G5)
C6: (b) | D6: Exceeding 1,5m and up to 3,0m | E6: cubic metre (m3) | F6: 20 | H6: =IF(G6=0," ",F6*G6)
B7: C3.2.1.2 | D7: Excavating soft material 0m to 1,5m below the surface level using labour enhanced construction methods, or instructed by hand under Clause A3.2.7.2(d) | E7: cubic metre (m3) | F7: 35 | H7: =IF(G7=0," ",F7*G7)
B8: C3.2.1.3 | D8: Excavating intermediate material 0m to 1,5m below the surface level using labour enhanced construction methods, or instructed by hand under Clause A3.2.7.2(d) | E8: cubic metre (m3) | F8: 35 | H8: =IF(G8=0," ",F8*G8)
B9: C3.2.1.4 | D9: Extra over sub-item C3.2.1.1 for excavation in hard or boulder material, irrespective of depth | E9: cubic metre (m3) | F9: 20 | H9: =IF(G9=0," ",F9*G9)
A10: C3.2.2 | D10: Backfilling
B11: C3.2.2.1 | D11: Using the excavated material | E11: cubic metre (m3) | F11: 110 | H11: =IF(G11=0," ",F11*G11)
B12: C3.2.2.2 | D12: Using imported selected material:
C13: (a) | D13: From commercial sources (G5) | E13: cubic metre (m3) | F13: 110 | H13: =IF(G13=0," ",F13*G13)
B14: C3.2.2.3 | D14: Extra over sub-items C3.2.2.1 and C3.2.2.2 for soil cement backfilling
C15: (a) | D15: With wet mixture of 4% cement | E15: cubic metre (m3) | F15: 55 | H15: =IF(G15=0," ",F15*G15)
A16: C3.2.3 | D16: Concrete pipe culverts:
B17: C3.2.3.1 | D17: On Class A bedding | E17: metre (m) | H17: =IF(G17=0," ",F17*G17)
C18: (a) | D18: 450mm dia. Class 75D | E18: metre (m) | F18: 60 | H18: =IF(G18=0," ",F18*G18)
C19: (b) | D19: 600mm dia. Class 75D | E19: metre (m) | F19: 60 | H19: =IF(G19=0," ",F19*G19)
C20: (c) | D20: 900mm dia. Class 75D | E20: metre (m) | F20: 180 | H20: =IF(G20=0," ",F20*G20)
B21: C3.2.3.2 | D21: On Class B bedding | E21: metre (m) | H21: =IF(G21=0," ",F21*G21)
C22: (a) | D22: 450mm dia. Class 75D | E22: metre (m) | F22: 30 | H22: =IF(G22=0," ",F22*G22)
C23: (b) | D23: 600mm dia. Class 75D | E23: metre (m) | F23: 50 | H23: =IF(G23=0," ",F23*G23)
C24: (c) | D24: 900mm dia. Class 75D | E24: metre (m) | F24: 35 | H24: =IF(G24=0," ",F24*G24)
B25: C3.2.3.3 | D25: On Class C bedding | E25: metre (m) | H25: =IF(G25=0," ",F25*G25)
C26: (a) | D26: 450mm dia. Class 75D | E26: metre (m) | F26: 60 | H26: =IF(G26=0," ",F26*G26)
C27: (b) | D27: 600mm dia. Class 75D | E27: metre (m) | F27: 100 | H27: =IF(G27=0," ",F27*G27)
C28: (c) | D28: 900mm dia. Class 75D | E28: metre (m) | F28: 75 | H28: =IF(G28=0," ",F28*G28)
A29: C3.2.7 | D29: Cast in situ concrete and formwork:
B30: C3.2.7.1 | D30: In Class A bedding, screeds, concrete backfill and the encasing for pipes, including formwork (class of concrete indicated) | E30: cubic metre (m3) | F30: 85 | H30: =IF(G30=0," ",F30*G30)
B31: C3.2.7.5 | D31: In inlet and outlet structures including kerbs, chutes and downpipes, skewed ends, catchpits, manholes, thrust and anchor blocks, excluding formwork but including Class U2 surfacing finish (Class 30/19) | E31: cubic metre (m3) | F31: 50 | H31: =IF(G31=0," ",F31*G31)
B32: C3.2.7.6 | D32: Formwork of concrete under items C3.2.7.3 to 5 above | H32: =IF(G32=0," ",F32*G32)
C33: (a) | D33: Class F1 surface finish | E33: square metre (m2) | F33: 315 | H33: =IF(G33=0," ",F33*G33)
C34: (b) | D34: Class F2 surface finish | E34: square metre (m2) | F34: 160 | H34: =IF(G34=0," ",F34*G34)
A35: C3.2.10 | D35: Reinforcement:
B36: C3.2.10.1 | D36: Mild steel bars | E36: ton (t) | F36: 1 | H36: =IF(G36=0," ",F36*G36)
B37: C3.2.10.2 | D37: High-tensile steel bars | E37: ton (t) | F37: 2 | H37: =IF(G37=0," ",F37*G37)
B38: C3.2.10.3 | D38: Welded steel fabric | E38: kilogram (kg) | F38: 350 | H38: =IF(G38=0," ",F38*G38)
A39: C3.2.12 | D39: Demolition of concrete members or elements:
B40: C3.2.12.1 | D40: Full member or element | E40: cubic metre (m3) | F40: 15 | H40: =IF(G40=0," ",F40*G40)
D41: TOTAL CARRIED FORWARD | H41: =SUM(H3:H40) -> 0
A44: SECTION | B44: C3.2 | E44: CULVERTS
A45: ITEM | D45: DESCRIPTION | E45: UNIT | F45: QTY | G45: RATE | H45: AMOUNT
D46: TOTAL BOUGHT FORWARD | H46: =H41 -> 0
A47: C3.2.15 | D47: Manholes and catch pits, with prefabricated elements
B48: PC3.2.15.5 | D48: Catchpits (complete unti as per drawing TP1802_IC-R-12-DR-006) | E48: number (No.) | F48: 15 | H48: =IF(G48=0," ",F48*G48)
A49: C3.2.16 | D49: Brickwork (Engineering bricks):
B50: C3.2.16.1 | D50: 115mm thick | E50: square metre (m2) | F50: 60 | H50: =IF(G50=0," ",F50*G50)
A51: C3.2.24 | D51: Compaction of bedding for inlets, outlets, manholes and catchpits:
B52: C3.2.24.1 | D52: Preparation and compaction of in situ bedding material to 90% of MDD (depth indicated) | E52: cubic metre (m3) | F52: 60 | H52: =IF(G52=0," ",F52*G52)
B53: C3.2.24.2 | D53: Extra-over sub-item C3.2.24.1 for compaction to 93% of MDD (depth indicated) | E53: cubic metre (m3) | F53: 60 | H53: =IF(G53=0," ",F53*G53)
A54: C3.2/C2.2.1 | D54: Supply, lay and prove ducts
B55: C2.2.1.1 | D55: Unplasticised PVC pipes
C56: (a) | D56: 110 mm dia. | E56: metre (m) | F56: 800 | H56: =IF(G56=0," ",F56*G56)
A57: C3.2/C2.1.23 | D57: Reinstatement of trenches in existing surfaced roads using:
B58: C2.1.23.1 | D58: Selected material (G6 material from commercial sources), 150mm thick compacted to 95% of MDD | E58: cubic metre (m3) | F58: 75 | H58: =IF(G58=0," ",F58*G58)
B59: C2.1.23.3 | D59: Stabilised subbase material (C3 from commercial sources (G5 neat)), 150mm thick using cement as specified, compacted to 97% of MDD | E59: cubic metre (m3) | F59: 75 | H59: =IF(G59=0," ",F59*G59)
B60: C2.1.23.4 | D60: Base material (G1 from commercial sources, treated with 1% cement and 2% emulsion).150mm thick compacted to 104.% of MDD | E60: cubic metre (m3) | F60: 75 | H60: =IF(G60=0," ",F60*G60)
A61: =A1 -> SECTION | B61: =B1 -> C3.2 | D61: TOTAL CARRIED FORWARD TO SUMMARY | H61: =SUM(H46:H60) -> 0

Sheet C3.3
A1: SECTION | B1: C3.3 | D1: CONCRETE KERBING AND CHANNELING, ASPHALT BERMS, CHUTES, DOWNPIPES, AS WELL AS CONCRETE, STONE PITCHED AND GABION LININGS FOR OPEN DRAINS
A2: ITEM | D2: DESCRIPTION | E2: UNIT | F2: QTY | G2: RATE | H2: AMOUNT
A3: C3.3.1 | D3: Concrete kerbing:
B4: C3.3.1.1 | D4: Prefabricated kerbing
C5: (a) | D5: Precast Figure 4 kerbing to SABS 927 | E5: metre (m) | F5: 1350 | H5: =IF(G5=0," ",F5*G5)
C6: (b) | D6: Precast Figure 7 kerbing to SABS 927 | E6: metre (m) | F6: 480 | H6: =IF(G6=0," ",F6*G6)
A7: C3.3.2 | D7: Concrete kerbing-channeling combination:
B8: C3.3.2.1 | D8: Prefabricated kerbing-channeling
C9: (a) | D9: Prefabricated Figure 4 kerbing to SABS 927, with 300 mm wide Figure 14 concrete channel as shown on drawings | E9: metre (m) | F9: 1600 | H9: =IF(G9=0," ",F9*G9)
A10: C3.3.3 | D10: Extra over items C3.3.1 and C3.3.2 for concrete kerbing or concrete kerbing and channeling on curves
B11: C3.3.3.1 | D11: On curves of radii more than or equal to 5,0m but less than 20m | E11: metre (m) | F11: 3100 | H11: =IF(G11=0," ",F11*G11)
B12: C3.3.3.2 | D12: On curves with radii more than or equal to 1,0m but less than 5,0m | E12: metre (m) | F12: 750 | H12: =IF(G12=0," ",F12*G12)
A13: C3.3.4 | D13: Extra over item C3.3.2 for drop kerbs at pedestrian crossings and driveways | E13: metre (m) | F13: 100 | H13: =IF(G13=0," ",F13*G13)
A14: C3.3.10 | D14: Sealed joints in concrete and stone pitched linings of open drains | E14: metre (m) | F14: 150 | H14: =IF(G14=0," ",F14*G14)
A15: C3.3.14 | D15: Cutting bituminous surfacing and pavement layers for concrete kerbing, channeling or concrete-lined drains | E15: metre (m) | F15: 3500 | H15: =IF(G15=0," ",F15*G15)
A16: C3.3.16 | D16: Demolition and removal of existing kerbs and/or channel (300 x 300mm maximum size) | E16: cubic metre (m3) | F16: 150 | H16: =IF(G16=0," ",F16*G16)
A17: C3.3/C1.7.2 | D17: Hauling
B18: C1.7.2.2 | D18: Hauling material to spoil and off-loading it at a designated spoil or stockpile area:
C19: (c) | D19: Boulders, hard material and concrete | E19: cubic metre - kilometre (m3 - km) | F19: 925 | H19: =IF(G19=0," ",F19*G19)
A20: =A1 -> SECTION | B20: =B1 -> C3.3 | D20: TOTAL CARRIED FORWARD TO SUMMARY | H20: =SUM(H3:H19) -> 0

Sheet C4.2
A1: SECTION | B1: C4.2 | D1: CUT MATERIALS
A2: ITEM | D2: DESCRIPTION | E2: UNIT | F2: QTY | G2: RATE | H2: AMOUNT
A3: C4.2.9 | D3: Excavate material to spoil in sites designated by the Contractor, material obtained from
B4: C4.2.9.1 | D4: Soft excavation, overburden and unsuitable material | E4: cubic metre (m3) | F4: 5400 | H4: =IF(G4=0," ",F4*G4)
A5: C4.2.12 | D5: Finishing the side slopes
B6: C4.2.12.1 | D6: Cuttings:
C7: (a) | D7: In soft material | E7: square metre (m2) | F7: 750 | H7: =IF(G7=0," ",F7*G7)
C8: (d) | D8: In soft material using labour enhanced methods of construction | E8: square metre (m2) | F8: 150 | H8: =IF(G8=0," ",F8*G8)
A9: =A1 -> SECTION | B9: =B1 -> C4.2 | D9: TOTAL CARRIED FORWARD TO SUMMARY | H9: =SUM(H3:H8) -> 0

Sheet C4.3
A1: SECTION | B1: C4.3 | E1: EXISTING ROAD MATERIALS
A2: ITEM | D2: DESCRIPTION | E2: UNIT | F2: QTY | G2: RATE | H2: AMOUNT
A3: C4.3.4 | D3: Saw-cutting existing materials within the following average depth ranges
B4: C4.3.4.1 | D4: Asphalt material:
C5: (a) | D5: Up to 50mm | E5: metre (m) | F5: 950 | H5: =IF(G5=0," ",F5*G5)
C6: (b) | D6: Exceeding 50mm and up to 100mm | E6: metre (m) | F6: 350 | H6: =IF(G6=0," ",F6*G6)
B7: C4.3.4.2 | D7: Crushed stone and gravel material:
C8: (a) | D8: Up to 100mm | E8: metre (m) | F8: 950 | H8: =IF(G8=0," ",F8*G8)
C9: (b) | D9: Exceeding 100mm and up to 200mm | E9: metre (m) | F9: 350 | H9: =IF(G9=0," ",F9*G9)
B10: C4.3..4.3 | D10: Cemented material:
C11: (a) | D11: Up to 100mm | E11: metre (m) | F11: 950 | H11: =IF(G11=0," ",F11*G11)
C12: (b) | D12: Exceeding 100mm and up to 200mm | E12: metre (m) | F12: 350 | H12: =IF(G12=0," ",F12*G12)
A13: C4.3.5 | D13: Providing the milling machine on the site
B14: C4.3.5.1 | D14: Small milling machine with a cutting width of 1,2m or smaller | E14: number (No.) | F14: 1 | H14: =IF(G14=0," ",F14*G14)
B15: C4.3.5.2 | D15: Large milling machine with a cutting width exceeding 1,2 m | E15: number (No.) | F15: 1 | H15: =IF(G15=0," ",F15*G15)
A16: C4.3.6 | D16: Milling and removal of existing asphalt layers with an average milling depth (Contractor takes ownership)
B17: C4.3.6.1 | D17: Not exceeding 50mm | E17: cubic metre (m3) | F17: 1850 | H17: =IF(G17=0," ",F17*G17)
B18: C4.3.6.2 | D18: Exceeding 50mm but not exceeding 100mm | E18: cubic metre (m3) | F18: 1850 | H18: =IF(G18=0," ",F18*G18)
A19: C4.3.20 | D19: Spoiling of paving blocks and road edging in spoil sites designated by the Contractor
B20: C4.3.20.1 | D20: Paving blocks | E20: cubic metre (m3) | F20: 15 | H20: =IF(G20=0," ",F20*G20)
B21: C4.3.20.2 | D21: Precast and in situ concrete kerbing, edge beams and channels at precast kerbing | E21: cubic metre (m3) | F21: 15 | H21: =IF(G21=0," ",F21*G21)
B22: C4.3.20.3 | D22: Kerb and grid inlets, and other services structures | E22: number (No.) | F22: 200 | H22: =IF(G22=0," ",F22*G22)
A23: =A1 -> SECTION | B23: =B1 -> C4.3 | D23: TOTAL CARRIED FORWARD TO SUMMARY | H23: =SUM(H3:H22) -> 0

Sheet C4.4
A1: SECTION | B1: C4.4 | D1: COMMERCIAL MATERIALS
A2: ITEM | D2: DESCRIPTION | E2: UNIT | F2: QTY | G2: RATE | H2: AMOUNT
A3: C4.4.2 | D3: Commercial materials identified by the Contractor from commercial, private or other non-commercial suppliers
B4: C4.4.2.1 | D4: Pavement layer material:
C5: (a) | D5: Type G1 material | E5: cubic metre (m3) | F5: 880 | H5: =IF(G5=0," ",F5*G5)
C6: (c) | D6: Type G4-A material | E6: cubic metre (m3) | F6: 710 | H6: =IF(G6=0," ",F6*G6)
C7: (d) | D7: Type G5-A material | E7: cubic metre (m3) | F7: 2200 | H7: =IF(G7=0," ",F7*G7)
C8: (e) | D8: Type G6 material | E8: cubic metre (m3) | F8: 1000 | H8: =IF(G8=0," ",F8*G8)
C9: (p) | D9: Natural or crushed gravel material for an unsealed shoulder layer | E9: cubic metre (m3) | F9: 110 | H9: =IF(G9=0," ",F9*G9)
B10: C4.4.2.5 | D10: Fill material in the earthworks:
C11: (a) | D11: Normal or coarse fill | E11: cubic metre (m3) | F11: 1850 | H11: =IF(G11=0," ",F11*G11)
A12: C4.4.4 | D12: Cementitious stabilising agents
B13: C4.4.4.1 | D13: Cement (CEM II 32.5) | E13: ton (t) | F13: 205 | H13: =IF(G13=0," ",F13*G13)
A14: C4.4.5 | D14: Bituminous stabilising agents
B15: C4.4.5.2 | D15: Emulsion stable grade (SS60) | E15: ton (t) | F15: 45 | H15: =IF(G15=0," ",F15*G15)
A16: C4.4.6 | D16: Fillers for bituminous stabilisation | H16: =IF(G16=0," ",F16*G16)
B17: C4.4.6.1 | D17: Cement (CEM II 32.5) | E17: ton (t) | F17: 45 | H17: =IF(G17=0," ",F17*G17)
A18: C4.4.7 | D18: Sampling and material testing by a commercial laboratory for the stabilisation designs
B19: C4.4.7.1 | D19: Cost of sampling and material testing | E19: provisional sum | F19: Prov | G19: Sum | H19: 150000
B20: C4.4.7.2 | D20: Handling cost and profit in respect of item C4.4.7.1 | E20: percentage (%) | F20: =H19 -> 150000 | H20: =IF(G20=0," ",F20*G20)
A21: =A1 -> SECTION | B21: =B1 -> C4.4 | D21: TOTAL CARRIED FORWARD TO SUMMARY | H21: =SUM(H3:H20) -> 150000

Sheet C5.1
A1: SECTION | B1: C5.1 | D1: ROADBED
A2: ITEM | D2: DESCRIPTION | E2: UNIT | F2: QTY | G2: RATE | H2: AMOUNT
A3: C5.1.1 | D3: Roadbed construction and compaction:
B4: C5.1.1.4 | D4: Compaction of imported material to 93% of MDD | E4: cubic metre (m3) | F4: 550 | H4: =IF(G4=0," ",F4*G4)
A5: C5.1.4 | D5: Removal of unsuitable material to spoil:
B6: C5.1.4.1 | D6: In layer thicknesses of 200mm and less
C7: (a) | D7: Stable material | E7: cubic metre (m3) | F7: 250 | H7: =IF(G7=0," ",F7*G7)
C8: (b) | D8: Unstable material | E8: cubic metre (m3) | F8: 200 | H8: =IF(G8=0," ",F8*G8)
A9: =A1 -> SECTION | B9: =B1 -> C5.1 | D9: TOTAL CARRIED FORWARD TO SUMMARY | H9: =SUM(H3:H8) -> 0

Sheet C5.2
A1: SECTION | B1: C5.2 | D1: FILL
A2: ITEM | D2: DESCRIPTION | E2: UNIT | F2: QTY | G2: RATE | H2: AMOUNT
A3: C5.2.2 | D3: Fill construction:
B4: C5.2.2.1 | D4: Normal fill material in compacted layer thicknesses of 200mm and less:
C5: (b) | D5: Compacted to 93% of MDD | E5: cubic metre (m3) | F5: 850 | H5: =IF(G5=0," ",F5*G5)
B7: C5.2.2.4 | D7: Rock fill material all as per Clause A5.2.7.6 | E7: cubic metre (m3) | F7: 1000 | H7: =IF(G7=0," ",F7*G7)
A9: C5.2.5 | D9: Fill in sidewalk:
B10: C5.2.5.1 | D10: Fill material in sidewalk compacted to 95% of MDD | E10: cubic metre (m3) | F10: 2150 | H10: =IF(G10=0," ",F10*G10)
A11: C5.2.11 | D11: Finishing-off fill slopes, medians and interchange areas:
B12: C5.2.11.1 | D12: Fill slopes | E12: square metre (m2) | F12: 2400 | H12: =IF(G12=0," ",F12*G12)
A13: =A1 -> SECTION | B13: =B1 -> C5.2 | D13: TOTAL CARRIED FORWARD TO SUMMARY | H13: =SUM(H3:H12) -> 0

Sheet C5.3
A1: SECTION | B1: C5.3 | E1: ROAD PAVEMENT LAYERS
A2: ITEM | D2: DESCRIPTION | E2: UNIT | F2: QTY | G2: RATE | H2: AMOUNT
A3: C5.3.1 | D3: Compiling and implementing M&U plans for the construction of all the pavement layers. | E3: number (No.) | F3: 5 | H3: =IF(G3=0," ",F3*G3)
A4: C5.3.2 | D4: Construction of pavement layers
B5: PC5.3.2.1 | D5: Construction of layers using conventional construction methods:
C6: (c) | D6: Upper selected subgrade layer (150mm thick) compacted to 95% of MDD | E6: cubic metre (m3) | F6: 1000 | H6: =IF(G6=0," ",F6*G6)
C7: (h) | D7: Gravel shoulder layer (150mm thick) compacted to 95% of MDD | E7: cubic metre (m3) | F7: 110 | H7: =IF(G7=0," ",F7*G7)
C8: (bb) | D8: Bound macadam layer (layer thickness indicated) compacted to 90 % of AD | E8: cubic metre (m3) | F8: 3600 | H8: =IF(G8=0," ",F8*G8)
C9: (dd) | D9: G5A crushed rock/boulder subbase (Chemically stabilized ) compacted to 97% of MDD (350mm thick) stabilized to C3 spec. | E9: cubic metre (m3) | F9: 2200 | H9: =IF(G9=0," ",F9*G9)
C10: (ee) | D10: G4A crushed rock/boulder base layer compacted to 98% of modified AASHTO density (150mm thick) | E10: cubic metre (m3) | F10: 710 | H10: =IF(G10=0," ",F10*G10)
C11: (ee) | D11: G1 crushed stone base layer, stabilised with 2% cement and 1% emulsion (stabilising agent and application excluded) and compacted to 1`04% of MDD (150mm thick) | E11: cubic metre (m3) | F11: 880 | H11: =IF(G11=0," ",F11*G11)
A12: C5.3.2.2 | C12: (k) | D12: Bound macadam layer (layer thickness indicated) compacted to 90 % of AD | E12: cubic metre (m3) | F12: 3600 | H12: =IF(G12=0," ",F12*G12)
A13: C5.3.9 | D13: Construction of a trial section
A14: C5.3.9.1 | C14: (e) | D14: Bound macadam layer (150mm) trial section | E14: cubic metre (m3) | F14: 240 | H14: =IF(G14=0," ",F14*G14)
A15: C5.3.9.2 | D15: Construction of a trial section using labour enhancement methods
C16: (c) | D16: Bound macadam layer (150mm) trial section | E16: cubic metre (m3) | F16: 240 | H16: =IF(G16=0," ",F16*G16)
A17: C5.3.11 | D17: Riding quality measurements:
B18: C5.3.11.2 | D18: Using a rolling straight edge | E18: kilometre (km) | F18: 4 | H18: =IF(G18=0," ",F18*G18)
A19: =A1 -> SECTION | B19: =B1 -> C5.3 | D19: TOTAL CARRIED FORWARD TO SUMMARY | H19: =SUM(H3:H18) -> 0

Sheet C5.4
A1: SECTION | B1: C5.4 | D1: STABILISATION
A2: ITEM | D2: DESCRIPTION | E2: UNIT | F2: QTY | G2: RATE | H2: AMOUNT
A3: C5.4.2 | D3: Chemical stabilisation:
B4: C5.4.2.1 | D4: Chemical stabilisation of pavement layers | H4: =IF(G4=0," ",F4*G4)
C5: (a) | D5: C3 subbase 350mm thick | E5: cubic metre (m3) | F5: 2200 | H5: =IF(G5=0," ",F5*G5)
C6: (b) | D6: G1 base 150mm thick | E6: cubic metre (m3) | F6: 880 | H6: =IF(G6=0," ",F6*G6)
A7: C5.4.5 | D7: Cementitious stabilisation agents for pavement layers:
B8: C5.4.5.2 | D8: Addition of cementitious stabilisation agents for pavement layers and spreading the agent using bags and labour enhancement methods.
C9: (a) | D9: Cement (for pavement layer) | E9: ton (t) | F9: 205 | H9: =IF(G9=0," ",F9*G9)
A10: C5.4.7 | D10: Bituminous stabilisation of pavement layers
B11: C5.4.7.1 | D11: Bituminous stabilisation (150mm) of payment layers (G1 crushed stone base) | E11: litre (ℓ) | F11: 45000 | H11: =IF(G11=0," ",F11*G11)
A12: C5.4.8 | D12: Bituminous stabilisation agent:
B13: C5.4.8.1 | D13: 60% anionic emulsion | E13: litre (ℓ) | F13: 25000 | H13: =IF(G13=0," ",F13*G13)
B14: C5.4.8.2 | D14: 60% cationic emulsion | E14: litre (ℓ) | F14: 20000 | H14: =IF(G14=0," ",F14*G14)
A15: C5.4.9 | D15: Filler for bituminous stabilisation
B16: C5.4.9.2 | D16: Filler for bituminous stabilisation spreading the agent or filler using labour enhanced methods of construction (specify agents separately) | E16: ton (t) | F16: 45 | H16: =IF(G16=0," ",F16*G16)
A17: C5.4.11 | B17: C5.4.11 | D17: Curing by covering with the subsequent layer | E17: square metre (m2) | F17: 6300 | H17: =IF(G17=0," ",F17*G17)
A18: C5.4.12 | D18: Curing with a membrane (type of material to be specified):
B19: C5.4.12.3 | D19: Spray grade emulsion | E19: litre (ℓ) | F19: 3600 | H19: =IF(G19=0," ",F19*G19)
A20: C5.4.14 | D20: Trial section for a chemically stabilised layer | H20: =IF(G20=0," ",F20*G20)
B21: PC5.4.41.1 | D21: C3 cement stabilised subbase | E21: cubic metre (m3) | F21: 150 | H21: =IF(G21=0," ",F21*G21)
B22: PC5.4.41.2 | D22: G1 cement and emulsion treated base | E22: cubic metre (m3) | F22: 75 | H22: =IF(G22=0," ",F22*G22)
A23: =A1 -> SECTION | B23: =B1 -> C5.4 | D23: TOTAL CARRIED FORWARD TO SUMMARY | H23: =SUM(H3:H22) -> 0

Sheet C6.1
A1: SECTION | B1: C6.1 | D1: PAVER LAID CONCRETE LAYERS
A2: ITEM | D2: DESCRIPTION | E2: UNIT | F2: QTY | G2: RATE | H2: AMOUNT
A3: C6.1.1 | D3: Construction of trial section (Complete: including texturing and curing)
B4: C6.1.1.2 | D4: Labour enhanced construction (CRCP, 150mm thick) | E4: square metre (m2) | F4: 60 | H4: =IF(G4=0," ",F4*G4)
A5: C6.1.3 | D5: Construction of continuously reinforced concrete pavement (Excluding texturing and curing)
B6: PC6.1.3.1 | D6: Continuously reinforced concrete pavement (CRCP):
C7: (b) | D7: Labour enhanced construction | H7: =IF(G7=0," ",F7*G7)
C8: (i) | D8: 150mm thick, 4.2MPa flexural strength - for circle aprons | E8: square metre (m2) | F8: 1600 | H8: =IF(G8=0," ",F8*G8)
C9: (ii) | D9: 150mm thick, Class 20/19 concrete for central islands | E9: square metre (m2) | F9: 1350 | H9: =IF(G9=0," ",F9*G9)
A10: C6.1.4 | D10: Texturing and curing the concrete pavement
B11: C6.1.4.1 | D11: Burlap-dragged and grooved texture:
C12: (b) | D12: Labour enhanced construction | E12: square metre (m2) | F12: 1600 | H12: =IF(G12=0," ",F12*G12)
B13: C6.1.4.3 | D13: Curing:
C14: (b) | D14: Labour enhanced construction | E14: square metre (m2) | F14: 2900 | H14: =IF(G14=0," ",F14*G14)
A15: C6.1.5 | D15: Variation in the rate of application of the curing compound | E15: litre (ℓ) | H15: Rate Only
A16: C6.1.6 | D16: Joints
B17: C6.1.6.1 | D17: Expansion joints complete (excluding dowels) | E17: metre (m) | F17: 700 | H17: =IF(G17=0," ",F17*G17)
A18: C6.1.7 | D18: Steel reinforcement in concrete pavements
B19: C6.1.7.2 | D19: High tensile steel bars | E19: ton (t) | F19: 14 | H19: =IF(G19=0," ",F19*G19)
B20: C6.1.7.3 | D20: Welded steel fabric | E20: kilogram (kg) | F20: 2500 | H20: =IF(G20=0," ",F20*G20)
A21: C6.1.8 | D21: Drilling of testing of cores
B22: C6.1.8.1 | D22: 100mm cores drilled from pavement for testing of compressive strength | E22: number (No.) | F22: 100 | H22: =IF(G22=0," ",F22*G22)
B23: C6.1.8.2 | D23: 150mm cores drilled from pavement for testing of compressive strength | E23: number (No.) | F23: 70 | H23: =IF(G23=0," ",F23*G23)
A24: C6.1/'C7.3.10.4 | D24: Preparing the underlying layers after the concrete has been removed
B25: C7.3.10.4 | D25: Replacement of supporting layers with 10 MPa lean mix concrete (75mm thick blinding layer) | E25: square metre (m2) | F25: 2800 | H25: =IF(G25=0," ",F25*G25)
A26: =A1 -> SECTION | B26: =B1 -> C6.1 | D26: TOTAL CARRIED FORWARD TO SUMMARY | H26: =SUM(H3:H25) -> 0

Sheet C6.2
A1: SECTION | B1: C6.2 | E1: SEGMENTAL BLOCK PAVING LAYERS
A2: ITEM | D2: DESCRIPTION | E2: UNIT | F2: QTY | G2: RATE | H2: AMOUNT
A3: C6.2.1 | D3: Segmental block paving
B4: C6.2.1.1. | D4: Concrete block paving (Class 25, Type S-A, 60mm thick) | E4: square metre (m2) | F4: 5840 | H4: =IF(G4=0," ",F4*G4)
A5: C6.2.2 | D5: Cast in-situ concrete edge and intermediate beams | E5: cubic metre (m3) | F5: 75 | H5: =IF(G5=0," ",F5*G5)
A6: C6.2.3 | D6: Provision and application of approved herbicide and ant poison
B7: C6.2.3.1 | D7: Provision of materials | E7: prime cost (PC) sum | F7: Prime | G7: Cost | H7: 60000
B8: C6.2.3.2 | D8: Contractor’s charges and profit added to the prime cost sum | E8: percentage (%) | F8: =H7 -> 60000 | H8: =IF(G8=0," ",F8*G8)
A9: =A1 -> SECTION | B9: =B1 -> C6.2 | D9: TOTAL CARRIED FORWARD TO SUMMARY | H9: =SUM(H3:H8) -> 60000

Sheet C8.1
A1: SECTION | B1: C8.1 | D1: PRIME COAT
A2: ITEM | D2: DESCRIPTION | E2: UNIT | F2: QTY | G2: RATE | H2: AMOUNT
A3: C8.1.1 | D3: Prime coat:
B4: C8.1.1.2 | D4: MC -30 cut-back bitumen | E4: litre (ℓ) | F4: 2400 | H4: =IF(G4=0," ",F4*G4)
B5: C8.1.1.3 | D5: Inverted bitumen emulsion | E5: litre (ℓ) | F5: 2400 | H5: =IF(G5=0," ",F5*G5)
A6: C8.1.2 | D6: Aggregate for blinding:
B7: C8.1.2.1 | D7: Natural sand | E7: cubic metre (m3) | F7: 3 | H7: =IF(G7=0," ",F7*G7)
B8: C8.1.2.2 | D8: Crusher sand | E8: cubic metre (m3) | F8: 3 | H8: =IF(G8=0," ",F8*G8)
A9: =A1 -> SECTION | B9: =B1 -> C8.1 | D9: TOTAL CARRIED FORWARD TO SUMMARY | H9: =SUM(H3:H8) -> 0

Sheet C8.5
A1: SECTION | B1: C8.5 | D1: STANDARD CRACK SEALING
A2: ITEM | D2: DESCRIPTION | E2: UNIT | F2: QTY | G2: RATE | H2: AMOUNT
A3: C8.5.1 | D3: Standard crack sealing
B4: C8.5.1.1 | D4: Cleaning cracks
C5: (b) | D5: Cleaning crack with hot compressed air | E5: metre (m) | F5: 12700 | H5: =IF(G5=0," ",F5*G5)
B6: C8.5.1.4 | D6: Sealing the cracks
C7: (a) | D7: Sealing using C-R1 binder | E7: litre (ℓ) | F7: 5100 | H7: =IF(G7=0," ",F7*G7)
A8: =A1 -> SECTION | B8: =B1 -> C8.5 | D8: TOTAL CARRIED FORWARD TO SUMMARY | H8: =SUM(H3:H7) -> 0

Sheet C8.8
A1: SECTION | B1: C8.8 | D1: PATCHING AND EDGE BREAK REPAIR
A2: ITEM | D2: DESCRIPTION | E2: UNIT | F2: QTY | G2: RATE | H2: AMOUNT
A3: C8.8.1 | D3: Saw cutting pavement layers for patching
B4: C8.8.1.1 | D4: Asphalt or bituminous surfacing to an average depth
C5: (a) | D5: Not exceeding 50mm | E5: metre (m) | F5: 2450 | H5: =IF(G5=0," ",F5*G5)
C6: (b) | D6: Exceeding 50mm but not exceeding 100mm | E6: metre (m) | F6: 600 | H6: =IF(G6=0," ",F6*G6)
A7: C8.8.2 | D7: Excavation in existing pavements for patching (non-milling)
B8: C8.8.2.1 | D8: Asphalt layers
C9: (a) | D9: Not exceeding 10 m² including for edge repairs wider than 250mm | E9: cubic metre (m3) | F9: 30 | H9: =IF(G9=0," ",F9*G9)
C10: (b) | D10: Exceeding 10 m² but not exceeding 50 m² including for edge repairs wider than 250mm | E10: cubic metre (m3) | F10: 50 | H10: =IF(G10=0," ",F10*G10)
C11: (c) | D11: Exceeding 50 m² up to 100 m² including for edge repairs wider than 250mm | E11: cubic metre (m3) | F11: 20 | H11: =IF(G11=0," ",F11*G11)
B12: C8.8.2.3 | D12: Other layers (Granular and / or crushed stone pavement layers)
C13: (a) | D13: Not exceeding 10 m² including for edge repairs wider than 250mm | E13: cubic metre (m3) | F13: 20 | H13: =IF(G13=0," ",F13*G13)
C14: (b) | D14: Exceeding 10 m² but not exceeding 50 m² including for edge repairs wider than 250mm | E14: cubic metre (m3) | F14: 60 | H14: =IF(G14=0," ",F14*G14)
C15: (c) | D15: Exceeding 50 m² up to 100 m² including for edge repairs wider than 250mm | E15: cubic metre (m3) | F15: 20 | H15: =IF(G15=0," ",F15*G15)
A16: C8.8.3 | D16: Compacting the floor of excavations for patching (93% MDD) | E16: square metre (m2) | F16: 825 | H16: =IF(G16=0," ",F16*G16)
A17: C8.8.4 | D17: Backfilling of excavations for patching with:
B18: C8.8.4.1 | D18: Chemically stabilized pavement material (G1 crushed stone stabilised with 2% cement and 1% emulsion, compacted to 104% of MDD) for a patch with a surface area:
C19: (a) | D19: Not exceeding 10 m² including for edge repairs wider than 250mm | E19: cubic metre (m3) | F19: 20 | H19: =IF(G19=0," ",F19*G19)
C20: (b) | D20: Exceeding 10 m² but not exceeding 50 m² including for edge repairs wider than 250mm | E20: cubic metre (m3) | F20: 60 | H20: =IF(G20=0," ",F20*G20)
C21: (c) | D21: Exceeding 50 m² up to 100 m² including for edge repairs wider than 250mm | E21: cubic metre (m3) | F21: 20 | H21: =IF(G21=0," ",F21*G21)
B22: C8.8.4.3 | D22: Asphalt (58V-22, stone skeleton) for a patch with a surface area
C23: (a) | D23: Not exceeding 10 m² including for edge repairs wider than 250mm | E23: ton (t) | F23: 75 | H23: =IF(G23=0," ",F23*G23)
C24: (b) | D24: Exceeding 10 m² but not exceeding 50 m² including for edge repairs wider than 250mm | E24: ton (t) | F24: 125 | H24: =IF(G24=0," ",F24*G24)
C25: (c) | D25: Exceeding 50 m² up to 100 m² including for edge repairs wider than 250mm | E25: ton (t) | F25: 50 | H25: =IF(G25=0," ",F25*G25)
A26: C8.8.6 | D26: Repairing edge breaks in surfacing
B27: C8.8.6.1 | D27: Cutting back the edges of the existing surfacing for the repairing of edge breaks | E27: metre (m) | F27: 250 | H27: =IF(G27=0," ",F27*G27)
B28: C8.8.6.2 | D28: Prime coat (MC-30, 0.8 litre / m2) | E28: litre (ℓ) | F28: 50 | H28: =IF(G28=0," ",F28*G28)
B29: C8.8.6.3 | D29: Reconstructing edges using:
C30: (a) | D30: Continuously-graded hot asphalt (58V-22, stone skeleton) | E30: ton (t) | F30: 8 | H30: =IF(G30=0," ",F30*G30)
A31: =A1 -> SECTION | B31: =B1 -> C8.8 | D31: TOTAL CARRIED FORWARD TO SUMMARY | H31: =SUM(H3:H30) -> 0

Sheet C9.1
A1: SECTION | B1: C9.1 | D1: ASPHALT LAYERS
A2: ITEM | D2: DESCRIPTION | E2: UNIT | F2: QTY | G2: RATE | H2: AMOUNT
A3: C9.1.1 | D3: Asphalt mix designs
B4: C9.1.1.1 | D4: Stone skeletal mixes:
C5: (a) | D5: Continuously graded base or surfacing (58V-22 (PMB), Mix Design Level III) Base Layer | E5: lump sum | F5: Lump | G5: Sum
B6: C9.1.1.2 | D6: Sand skeletal mixes:
C7: (a) | D7: Continuously graded base or surfacing (58V-22, Mix Design Level III) Surfacing Layer | E7: lump sum | F7: Lump | G7: Sum
A8: C9.1.2 | D8: Construction of trial sections
B9: C9.1.2.1 | C9: i | D9: Asphalt layers (58V-22 (PMB), 50mm thick, placed by paver) Surfacing layer | E9: square metre (m2) | F9: 200 | H9: =IF(G9=0," ",F9*G9)
C10: ii | D10: Asphalt layers (58V-22, 80mm thick, placed by paver) Base layer | E10: square metre (m2) | F10: 200 | H10: =IF(G10=0," ",F10*G10)
B11: C9.1.2.2 | C11: i | D11: Removal of trial section where so instructed by the Engineer (Surfacing layer) | E11: square metre (m2) | F11: 200 | H11: =IF(G11=0," ",F11*G11)
C12: ii | D12: Removal of trial section where so instructed by the Engineer (Base layer) | E12: square metre (m2) | F12: 200 | H12: =IF(G12=0," ",F12*G12)
A13: C9.1.3 | D13: Application of bond coat
B14: C9.1.3.1 | D14: Stable–grade 30% net bitumen emulsion as specified. | H14: =IF(G14=0," ",F14*G14)
C15: (a) | D15: Applied with a calibrated distributer | E15: litre (ℓ) | F15: 16000 | H15: =IF(G15=0," ",F15*G15)
B16: C9.1.3.3 | C16: (c) | D16: Applied by hand using brushes on all exposed transverse and longitudinal construction joints | E16: litre (ℓ) | F16: 200 | H16: =IF(G16=0," ",F16*G16)
A17: C9.1.4 | D17: Asphalt base
B18: C9.1.4.1 | D18: New construction (by suitable / approved paver)
C19: (a) | D19: Stone skeletal mix – continuously graded as defined (80mm thick, 85V-22 (PMB), design level III) | E19: square metre (m2) | F19: 9000 | H19: =IF(G19=0," ",F19*G19)
A20: C9.1.5 | D20: Asphalt surfacing
B21: C9.1.5.1 | D21: New construction (by suitable / approved paver)
C22: (a) | D22: Sand skeletal mix – continuously graded as defined (50mm thick, 58V-22 (PMB), design level III) | E22: square metre (m2) | F22: 12000 | H22: =IF(G22=0," ",F22*G22)
B23: C9.1.5.1 | D23: Rehabilitation
C24: (a) | D24: Sand skeletal mix – continuously graded as defined (50mm thick, 58V-22 (PMB), design level III) | E24: ton (t) | F24: 4800 | H24: =IF(G24=0," ",F24*G24)
A25: C9.1.7 | D25: Placing and compacting asphalt in restricted areas
B26: C9.1.7.1 | D26: Extra over payment items C9.1.4.1 and C9.1.5.1 (nominal maximum particle size 20mm and 14 mm respectively) | E26: square metre (m2) | F26: 8000 | H26: =IF(G26=0," ",F26*G26)
A27: C9.1.9 | D27: Application of rolled in chippings (10mm nominal size)
B28: C9.1.9.1 | D28: By means of chip spreader | E28: square metre (m2) | F28: 9000 | H28: =IF(G28=0," ",F28*G28)
B29: C9.1.9.2 | D29: By hand in restricted areas | E29: square metre (m2) | F29: 4500 | H29: =IF(G29=0," ",F29*G29)
A30: C9.1.10 | D30: Variation rates
B31: C9.1.10.1 | C31: i | D31: Bitumen (58V-22 (PMB)) | E31: ton (t) | H31: Rate only
C32: ii | D32: Bitumen (58V-22) | E32: ton (t) | H32: Rate only
B33: C9.1.10.2 | D33: Aggregate | E33: ton (t) | H33: Rate only
B34: C9.1.10.3 | D34: Active filler | E34: ton (t) | H34: Rate only
B35: C9.1.10.5 | D35: Rolled-in chippings | E35: ton (t) | H35: Rate only
B36: C9.1.10.6 | D36: Bituminous bond coat – net bitumen (Stable–grade 30% net bitumen emulsion) | E36: ton (t) | H36: Rate only
A37: C9.1.13 | D37: Coring of asphalt layers
B38: C9.1.13.1 | D38: 100mm diameter | E38: number (No.) | F38: 150 | H38: =IF(G38=0," ",F38*G38)
B39: C9.1.13.2 | D39: 150mm diameter | E39: number (No.) | F39: 100 | H39: =IF(G39=0," ",F39*G39)
A40: C9.1.14 | D40: Surface regularity testing as described in Clause A9.1.8.4
B41: C9.1.14.1 | D41: Establishment of equipment: Inertial laser Profilometer | E41: number (No.) | F41: 11 | H41: =IF(G41=0," ",F41*G41)
B42: C9.1.14.2 | D42: Profiler Surveys utilising equipment as specified - Base layers and surfacing layers | E42: lane kilometre (km) | F42: 9 | H42: =IF(G42=0," ",F42*G42)
A43: =A1 -> SECTION | B43: =B1 -> C9.1 | D43: TOTAL CARRIED FORWARD TO SUMMARY | H43: =SUM(H3:H42) -> 0

Sheet C11.1
A1: SECTION | B1: C11.1 | D1: PITCHING, STONEWORK, CAST IN SITU CONCRETE FOR PROTECTION AGAINST EROSION
A2: ITEM | D2: DESCRIPTION | E2: UNIT | F2: QTY | G2: RATE | H2: AMOUNT
A3: C11.1.2 | D3: Stone pitching
B4: C11.1.2.1 | D4: Plain stone pitching
C5: (a) | D5: Method 1 | E5: square metre (m2) | F5: 150 | H5: =IF(G5=0," ",F5*G5)
C6: (b) | D6: Method 2 | E6: square metre (m2) | F6: 150 | H6: =IF(G6=0," ",F6*G6)
B7: C11.1.2.2 | D7: Grouted stone pitching with mortar | E7: square metre (m2) | F7: 250 | H7: =IF(G7=0," ",F7*G7)
A8: C11.1.5 | D8: Concrete pitching or paving
B9: C11.1.5.1 | D9: Cast in situ concrete pitching or paving (class 30/19 concrete with 100mm thickness) | E9: square metre (m2) | F9: 1500 | H9: =IF(G9=0," ",F9*G9)
B10: C11.1.5.3 | D10: Welded steel fabric used for cast in situ pitching or paving (617 steel mesh) | E10: kilogram (kg) | F10: 3000 | H10: =IF(G10=0," ",F10*G10)
A11: C11.1.6 | D11: Concrete edge beams (class f30/19 concrete) | E11: cubic metre (m3) | F11: 20 | H11: =IF(G11=0," ",F11*G11)
A12: C11.1.7 | D12: Provision of approved herbicide and ant poison:
B13: C11.1.7.1 | D13: Provision of materials | E13: prime cost (PC) sum | F13: Prime | G13: Cost | H13: 50000
B14: C11.1.7.2 | D14: Contractor’s charges and profit added to the prime cost sum | E14: percentage (%) | F14: =H13 -> 50000 | H14: =IF(G14=0," ",F14*G14)
A15: =A1 -> SECTION | B15: =B1 -> C11.1 | D15: TOTAL CARRIED FORWARD TO SUMMARY | H15: =SUM(H3:H14) -> 50000

Sheet C11.2
A1: SECTION | B1: C11.2 | D1: NON-STRUCTURAL GABIONS
A2: ITEM | D2: DESCRIPTION | E2: UNIT | F2: QTY | G2: RATE | H2: AMOUNT
A3: C11.2.1 | D3: Foundation trench excavation:
B4: C11.2.1.1 | D4: Excavating all material situated within the following depth ranges below the surface level
C5: (a) | D5: 0m to 1,5m | E5: cubic metre (m3) | F5: 15 | H5: =IF(G5=0," ",F5*G5)
B6: C11.2.1.3 | D6: Excavating soft material within 1,5m below the surface level using labour enhanced construction methods | E6: cubic metre (m3) | F6: 15 | H6: =IF(G6=0," ",F6*G6)
A7: C11.2.2 | D7: Surface preparation for bedding the gabion boxes and mattresses | E7: square metre (m2) | F7: 66 | H7: =IF(G7=0," ",F7*G7)
A8: C11.2.3 | D8: Gabion boxes and mattresses:
B9: C11.2.3.1 | D9: Galvanized gabion boxes (1.0m wide x 1,0m long x 1.0m deep nominal dia. 2,7mm, diaphragms on 1m c/c, mesh size 80x100, rock size min 100mm, max 200mm) | E9: cubic metre (m3) | F9: 30 | H9: =IF(G9=0," ",F9*G9)
B10: C11.2.3.3 | D10: Galvanized gabion mattresses (6.0m long x 2.0m wide) | E10: cubic metre (m3) | F10: 36 | H10: =IF(G10=0," ",F10*G10)
A11: C11.2.4 | D11: Geotextile (Non-woven polyester filter fabric - Class A5): | E11: square metre (m2) | F11: 90 | H11: =IF(G11=0," ",F11*G11)
A12: =A1 -> SECTION | B12: =B1 -> C11.2 | D12: TOTAL CARRIED FORWARD TO SUMMARY | H12: =SUM(H3:H11) -> 0

Sheet C11.3
A1: SECTION | B1: C11.3 | D1: GUIDE BLOCKS AND KILOMETRE MARKERS
A2: ITEM | D2: DESCRIPTION | E2: UNIT | F2: QTY | G2: RATE | H2: AMOUNT
A3: C11.3.2 | D3: Kilometre markers | E3: number (No.) | F3: 15 | H3: =IF(G3=0," ",F3*G3)
A4: =A1 -> SECTION | B4: =B1 -> C11.3 | D4: TOTAL CARRIED FORWARD TO SUMMARY | H4: =SUM(H3:H3) -> 0

Sheet C11.4
A1: SECTION | B1: C11.4 | D1: ROAD RESTRAINT SYSTEMS
A2: ITEM | D2: DESCRIPTION | E2: UNIT | F2: QTY | G2: RATE | H2: AMOUNT
A3: C11.4.1 | D3: Erecting of guardrails at 3,81m spacing
B4: C11.4.1.1 | D4: Complete galvanized system compliant to SANS 1350:
C5: (a) | D5: On timber posts (Drawing reference) | E5: metre (m) | F5: 400 | H5: =IF(G5=0," ",F5*G5)
C6: (d) | D6: Extra over C11.4.1.1(a) and C11.4.1.1(b) for excavating holes of posts using labour enhanced methods (soft and intermediate) | E6: metre (m) | F6: 400 | H6: =IF(G6=0," ",F6*G6)
B7: C11.4.1.2 | D7: Terminal sections for 3,81 guardrails comprising of:
C8: (a) | D8: End wings to SANS 1350 | E8: number (No.) | F8: 3 | H8: =IF(G8=0," ",F8*G8)
C9: (b) | D9: Bullnoses to SANS 1350 | E9: number (No.) | F9: 40 | H9: =IF(G9=0," ",F9*G9)
A10: C11.4.4 | D10: Extra over for horizontally curved guard rails
B11: C11.4.4.1 | D11: Extra over C11.4.1 and C11.4.11 for horizontally curved guard rails factory bent to a radius of less than 45m | E11: metre (m) | F11: 220 | H11: =IF(G11=0," ",F11*G11)
A12: C11.4.5 | D12: Additional guardrail posts for 3,81m systems:
B13: C11.4.5.1 | D13: Timber | E13: number (No.) | F13: 200 | H13: =IF(G13=0," ",F13*G13)
B14: C11.4.5.3 | D14: Extra over C11.4.5.1 and C11.4.5.2 for excavating holes of posts using labour enhanced methods | E14: number (No.) | F14: 200 | H14: =IF(G14=0," ",F14*G14)
A15: C11.4.6 | D15: Reflective plates
B16: C11.4.6.1 | D16: Steel plates | E16: number (No.) | F16: 250 | H16: =IF(G16=0," ",F16*G16)
A17: C11.4.7 | D17: Removing existing guardrails: | E17: metre (m) | F17: 1100 | H17: =IF(G17=0," ",F17*G17)
A18: C11.4.9 | D18: Re-erection of guardrails with recovered or provided material:
B19: C11.4.9.1 | D19: Single guardrail | E19: metre (m) | F19: 800 | H19: =IF(G19=0," ",F19*G19)
B20: C11.4.9.3 | D20: Extra over C11.4.9.1 and C11.4.9.2 for excavating holes of posts using labour enhanced methods | E20: metre (m) | F20: 800 | H20: =IF(G20=0," ",F20*G20)
A21: C11.4.10 | D21: End treatments to existing guardrails with recovered or provided material:
B22: C11.4.10.1 | D22: End wings | E22: number (No.) | F22: 1 | H22: =IF(G22=0," ",F22*G22)
B23: C11.4.10.2 | D23: Bullnoses | E23: number (No.) | F23: 18 | H23: =IF(G23=0," ",F23*G23)
A24: C11.4.11 | D24: New material required for the re-erection guardrails with recovered materials:
B25: C11.4.11.1 | D25: Guardrails, 3,81m compliant to SANS 1350 | E25: number (No.) | F25: 15 | H25: =IF(G25=0," ",F25*G25)
B26: C11.4.11.2 | D26: Timber posts compliant to SANS 457 | E26: number (No.) | F26: 35 | H26: =IF(G26=0," ",F26*G26)
B27: C11.4.11.4 | D27: Reflective plates | E27: number (No.) | F27: 45 | H27: =IF(G27=0," ",F27*G27)
B28: C11.4.11.5 | D28: Spacer blocks compliant to SANS 457 | E28: number (No.) | F28: 45 | H28: =IF(G28=0," ",F28*G28)
B29: C11.4.11.6 | D29: Splice bolt complete with nut and washer compliant to SANS 1350 | E29: number (No.) | F29: 45 | H29: =IF(G29=0," ",F29*G29)
B30: C11.4.11.7 | D30: Post bolt complete with nut and washer compliant to SANS 1350 | E30: number (No.) | F30: 35 | H30: =IF(G30=0," ",F30*G30)
A31: C11.4.14 | D31: Nailing of gang nail plates on top of timber guardrail posts | E31: number (No.) | F31: 315 | H31: =IF(G31=0," ",F31*G31)
A32: C11.4.15 | D32: Disposal of existing guardrails
B33: C11.4.15.1 | D33: Straight or curved longitudinal guardrails | E33: metre (m) | F33: 300 | H33: =IF(G33=0," ",F33*G33)
A34: =A1 -> SECTION | B34: =B1 -> C11.4 | D34: TOTAL CARRIED FORWARD TO SUMMARY | H34: =SUM(H3:H33) -> 0

Sheet C11.5
A1: SECTION | B1: C11.5 | D1: FENCING
A2: ITEM | D2: DESCRIPTION | E2: UNIT | F2: QTY | G2: RATE | H2: AMOUNT
A3: C11.5.1 | D3: Supply and erect new fencing material for new fences and for supplementing material in existing fences which are being repaired or removed:
B4: C11.5.1.1 | D4: Zinc-coated barbed wire | H4: =IF(G4=0," ",F4*G4)
C5: (a) | D5: High-tensile-grade, single-strand 3,2mm x 2,50mm oval-shaped wire, fully galvanised | E5: kilometre (km) | F5: 12 | H5: =F5*G5 -> 0
B6: C11.5.1.7 | D6: Standards
C7: (a) | D7: 1850 X 2.5kg/m "Y" section complete with holes fully galvanised, (SANS 121/ISO 1461) ends pressed flat to ± 8mm | E7: number (No.) | F7: 80 | H7: =IF(G7=0," ",F7*G7)
B8: C11.5.1.8 | D8: Droppers | H8: =IF(G8=0," ",F8*G8)
C9: (a) | D9: 1400 X 0.56kg/m mild steel Ridgeback Pattern (SANS 121/ISO 1461) | E9: number (No.) | F9: 800 | H9: =IF(G9=0," ",F9*G9)
B10: C11.5.1.9 | D10: Straining posts, stays and anchors:
C11: (a) | D11: Vertical
C12: (i) | D12: Steel straining posts (2130 X 100 dia X 3mm mild steel tubing with steel cap and 230 X 230 X 3mm base plate fully galvanised, (SANS 121/ISO 1461), no holes) | E12: number (No.) | F12: 20 | H12: =IF(G12=0," ",F12*G12)
C13: (b) | D13: Inclined
C14: (i) | D14: Steel stays and anchors (2130 X 60 dia X 3mm mild steel tubing with 230 X 230 X 3mm base plate fully galvanised, (SANS 121/ISO 1461)) | E14: number (No.) | F14: 10 | H14: =IF(G14=0," ",F14*G14)
A15: C11.5.2 | D15: New gates (5m 42 dia 2mm mild steel tubilar frame galvanised) | E15: number (No.) | F15: 8 | H15: =IF(G15=0," ",F15*G15)
A16: C11.5.4 | D16: Dismantling existing fences and gates:
B17: C11.5.4.1 | D17: Fences:
C18: (a) | D18: Stock-proof fences | E18: kilometre (km) | F18: 1.1 | H18: =IF(G18=0," ",F18*G18)
A19: C11.5.10 | D19: Disposal of existing fencing materials
B20: C11.5.10.1 | D20: Stock-proof fences | E20: kilometre (km) | F20: 1.6 | H20: =IF(G20=0," ",F20*G20)
A21: =A1 -> SECTION | B21: =B1 -> C11.5 | D21: TOTAL CARRIED FORWARD TO SUMMARY | H21: =SUM(H3:H20) -> 0

Sheet C11.6
A1: SECTION | B1: C11.6 | D1: ROAD SIGNS
A2: ITEM | D2: DESCRIPTION | E2: UNIT | F2: QTY | G2: RATE | H2: AMOUNT
A3: C11.6.1 | D3: Road signboards with painted or coloured semi-matt background. Symbols, lettering and borders in semi- matt black or in Class I retro-reflective material, where the sign board is constructed from:
B4: C11.6.1.1 | D4: Aluminium sheet (2,0mm thick):
C5: (a) | D5: Area 0 to 0,5 m2 | E5: square metre (m2) | F5: 31 | H5: =IF(G5=0," ",F5*G5)
C6: (b) | D6: Area exceeding 0,5 m2 but not 2,0 m2 | E6: square metre (m2) | F6: 60 | H6: =IF(G6=0," ",F6*G6)
C7: (c) | D7: Area exceeding 2,0 m2 but not 10 m2 | E7: square metre (m2) | F7: 260 | H7: =IF(G7=0," ",F7*G7)
A8: C11.6.2 | D8: Extra over on item C11.6.1 for using:
B9: C11.6.2.1 | D9: Background of retro-reflective material:
C10: (b) | D10: Class III | E10: square metre (m2) | F10: =SUM(F5:F7) -> 351 | H10: =IF(G10=0," ",F10*G10)
B11: C11.6.2.2 | D11: Lettering, symbols, numbers, arrows, emblems and borders of retro-reflective material:
C12: (a) | D12: Class III | E12: square metre (m2) | F12: =SUM(F5:F7) -> 351 | H12: =IF(G12=0," ",F12*G12)
A13: C11.6.3 | D13: Road sign supports (overhead road sign structures excluded):
B14: C11.6.3.2 | D14: Timber (150 mm dia. creosote or CCA treated complete with breakway holes) | E14: metre (m) | F14: 600 | H14: =IF(G14=0," ",F14*G14)
A15: C11.6.4 | D15: Kilometre Markers
B16: C11.6.4.2 | D16: Replace marker boards on existing kilometre posts | E16: square metre (m2) | F16: 2.5 | H16: =IF(G16=0," ",F16*G16)
A17: C11.6.5 | D17: Excavation and backfilling for road sign supports (not applicable to kilometre posts)
B18: C11.6.5.1 | D18: Excavating soft material and backfilling | E18: cubic metre (m3) | F18: 65 | H18: =IF(G18=0," ",F18*G18)
B19: C11.6.5.2 | D19: Excavating soft or intermediate material and backfilling using labour enhanced construction methods | E19: cubic metre (m3) | F19: 30 | H19: =IF(G19=0," ",F19*G19)
B20: C11.6.5.3 | D20: Extra over item C11.6.5.1 and C11.6.5.2 for cement-treated soil backfill | E20: cubic metre (m3) | F20: 65 | H20: =IF(G20=0," ",F20*G20)
B21: C11.6.5.5 | D21: Imported backfill material from commercial sources | E21: cubic metre (m3) | F21: 5 | H21: =IF(G21=0," ",F21*G21)
A22: C11.6.6 | D22: Dismantling, storing and re-erecting road signs with a surface area of:
B23: C11.6.6.1 | D23: Area 0 to 0,5 m2 | E23: square metre (m2) | F23: 5 | H23: =IF(G23=0," ",F23*G23)
B24: C11.6.6.2 | D24: Area exceeding 0,5 m2 but not 2,0 m2 | E24: square metre (m2) | F24: 15 | H24: =IF(G24=0," ",F24*G24)
B25: C11.6.6.3 | D25: Exceeding 2,0 m2 but not 10 m2 | E25: square metre (m2) | F25: 20 | H25: =IF(G25=0," ",F25*G25)
B26: C11.6.6.4 | D26: Exceeding 10 m2 | E26: square metre (m2) | F26: 5 | H26: =IF(G26=0," ",F26*G26)
A27: =A1 -> SECTION | B27: =B1 -> C11.6 | D27: TOTAL CARRIED FORWARD TO SUMMARY | H27: =SUM(H3:H26) -> 0

Sheet C11.7
A1: SECTION | B1: C11.7 | D1: ROAD MARKINGS AND ROAD STUDS
A2: ITEM | D2: DESCRIPTION | E2: UNIT | F2: QTY | G2: RATE | H2: AMOUNT
A3: C11.7.2 | D3: Retro-reflective road marking (water based):
B4: C11.7.2.1 | D4: White lines broken or unbroken | H4: =IF(G4=0," ",F4*G4)
C5: (a) | D5: 100mm wide | E5: kilometre (km) | F5: 5.1 | H5: =IF(G5=0," ",F5*G5)
C6: (b) | D6: 200mm wide | E6: kilometre (km) | F6: 0.2 | H6: =IF(G6=0," ",F6*G6)
C7: (c) | D7: 300mm wide | E7: kilometre (km) | F7: 0.3 | H7: =IF(G7=0," ",F7*G7)
B8: C11.7.2.2 | D8: Yellow lines broken or unbroken | H8: =IF(G8=0," ",F8*G8)
C9: (a) | D9: 100mm wide | E9: kilometre (km) | F9: 8.3 | H9: =IF(G9=0," ",F9*G9)
B10: C11.7.2.4 | D10: White lettering and symbols | E10: square metre (m2) | F10: 280 | H10: =IF(G10=0," ",F10*G10)
B11: C11.7.2.5 | D11: Yellow lettering and symbols | E11: square metre (m2) | F11: 40 | H11: =IF(G11=0," ",F11*G11)
B12: C11.7.2.7 | D12: Transverse lines, painted island and arrestor bed markings (any colour) | E12: square metre (m2) | F12: 150 | H12: =IF(G12=0," ",F12*G12)
B13: PC11.7.2.20 | D13: Kerb markings (black and white) | E13: metre (m) | F13: 2000 | H13: =IF(G13=0," ",F13*G13)
A14: C11.7.3 | D14: Thermoplastic road marking
B15: C11.7.3.1 | D15: Thermoplastic road marking, broken or unbroken | H15: =IF(G15=0," ",F15*G15)
C16: (a) | D16: White lines
C17: (i) | D17: 100mm wide | E17: kilometre (km) | F17: 5.1 | H17: =IF(G17=0," ",F17*G17)
C18: (ii) | D18: 200mm wide | E18: kilometre (km) | F18: 0.2 | H18: =IF(G18=0," ",F18*G18)
C19: (iii) | D19: 300mm wide | E19: kilometre (km) | F19: 0.3 | H19: =IF(G19=0," ",F19*G19)
C20: (b) | D20: Yellow lines
C21: (i) | D21: 100mm wide | E21: kilometre (km) | F21: 8.3 | H21: =IF(G21=0," ",F21*G21)
A22: C11.7.4 | D22: Cold plastic road marking material
B23: C11.7.4.1 | D23: White lettering and symbols | E23: square metre (m2) | F23: 70 | H23: =IF(G23=0," ",F23*G23)
B24: C11.7.4.2 | D24: Yellow lettering and symbols | E24: square metre (m2) | F24: 30 | H24: =IF(G24=0," ",F24*G24)
B25: C11.7.4.4 | D25: Transverse lines, painted island and arrestor bed markings (any colour) | E25: square metre (m2) | F25: 120 | H25: =IF(G25=0," ",F25*G25)
A26: C11.7.5 | D26: Variations in rate of application:
B27: C11.7.5.1 | D27: White paint | E27: litre (ℓ) | H27: Rate Only
B28: C11.7.5.2 | D28: Yellow paint | E28: litre (ℓ) | H28: Rate Only
B29: C11.7.5.3 | D29: Black paint | E29: litre (ℓ) | H29: Rate Only
B30: C11.7.5.4 | D30: Retro-reflective beads | E30: kilogram (kg) | H30: Rate Only
B31: C11.7.5.5 | D31: Thermoplastic material, all colours | E31: kilogram (kg) | H31: Rate Only
B32: C11.7.5.6 | D32: Cold plastic marking material, all colours | E32: kilogram (kg) | H32: Rate Only
A33: C11.7.7 | D33: Road studs
B34: C11.7.7.2 | D34: Permanent road studs compliant to SANS 1463 (RSA - 1, yellow / red, white / red, white / white) | E34: number (No.) | F34: 700 | H34: =IF(G34=0," ",F34*G34)
A35: C11.7.8 | D35: Setting out and premarking the lines (excluding traffic island markings, lettering and symbols) | E35: kilometre (km) | F35: 10 | H35: =IF(G35=0," ",F35*G35)
A36: C11.7.9 | D36: Re-establishing the painting unit during the defects notification period and at other instances on instruction of the Engineer | E36: number (No.) | F36: 1 | H36: =IF(G36=0," ",F36*G36)
A37: C11.7.10 | D37: Removal of existing, temporary or final road markings by:
B38: C11.7.10.2 | D38: Water-jetting | E38: square metre (m2) | F38: 500 | H38: =IF(G38=0," ",F38*G38)
A39: C11.7.11 | D39: Removal of existing road studs | E39: number (No.) | F39: 300 | H39: =IF(G39=0," ",F39*G39)
A40: =A1 -> SECTION | B40: =B1 -> C11.7 | D40: TOTAL CARRIED FORWARD TO SUMMARY | H40: =SUM(H3:H39) -> 0

Sheet C11.9
A1: SECTION | B1: C11.9 | D1: FINISHING THE ROAD AND ROAD RESERVE AND TREATING OLD ROADS
A2: ITEM | D2: DESCRIPTION | E2: UNIT | F2: QTY | G2: RATE | H2: AMOUNT
A3: C11.9.1 | D3: Finishing the road and road reserve:
B4: C11.9.1.1 | D4: Dual carriageway road (N5) | E4: kilometre (km) | F4: 1.2 | H4: =IF(G4=0," ",F4*G4)
B5: C11.9.1.2 | D5: Single carriageway road (N5) | E5: kilometre (km) | F5: 1.2 | H5: =IF(G5=0," ",F5*G5)
A6: C11.9.2 | D6: Treatment of old roads and temporary deviations
B7: C11.9.2.1 | D7: Dual carriageway road (N5) | E7: kilometre (km) | F7: 0.6 | H7: =IF(G7=0," ",F7*G7)
B8: C11.9.2.2 | D8: Single carriageway road (N5 & Paul Roux Streets) | E8: kilometre (km) | F8: 4.2 | H8: =IF(G8=0," ",F8*G8)
A9: =A1 -> SECTION | B9: =B1 -> C11.9 | D9: TOTAL CARRIED FORWARD TO SUMMARY | H9: =SUM(H3:H8) -> 0

Sheet C20.1
A1: SECTION | B1: C20.1 | D1: TESTING MATERIALS AND JUDGEMENT OF WORKMANSHIP
A2: ITEM | D2: DESCRIPTION | E2: UNIT | F2: QTY | G2: RATE | H2: AMOUNT
A3: C20.1.2 | D3: Special tests requested by the Engineer
B4: C20.1.2.2 | D4: Employer’s contribution to other special tests
C5: (a) | D5: Other tests as requested / specified by the Engineer | E5: prime cost (PC) sum | F5: Prime | G5: Cost | H5: 1000000
C6: (b) | D6: Handling costs and profit in respect of item C20.1.2.2(a) | E6: percentage (%) | F6: =H5 -> 1000000 | H6: =IF(G6=0," ",F6*G6)
A7: PC20.1.5 | D7: Financial contribution for an independent site laboratory (Negative amount) | E7: month | F7: 16 | H7: =IF(G7=0," ",F7*G7) | I7: Rate to be zero or negative only
A8: PC20.1.6 | D8: Payment of independent site laboratory
B9: C20.1.6.1 | D9: Direct payment by contractor | E9: prime cost (PC) sum | F9: Prime | G9: Cost | H9: 15000000
B10: C20.1.6.2 | D10: Handling cost and profit in respect of item C20.1.6.1 | E10: percentage (%) | F10: =H9 -> 15000000 | H10: =IF(G10=0," ",F10*G10)
A11: =A1 -> SECTION | B11: =B1 -> C20.1 | D11: TOTAL CARRIED FORWARD TO SUMMARY | H11: =SUM(H3:H10) -> 16000000

Sheet Summary of Pricing Schedule B
A1: GENERAL | D1: =SUM(C2:C7) -> 3840000
A2: C1.2 | B2: GENERAL REQUIREMENTS AND PROVISIONS | C2: ='C1.2'!H71 -> 900000
A3: C1.3 | B3: CONTRACTOR’S SITE ESTABLISHMENT AND GENERAL OBLIGATIONS | C3: ='C1.3'!H16 -> 1500000
A4: C1.4 | B4: FACILITIES FOR THE ENGINEER | C4: ='C1.4'!H108 -> 1240000
A5: C1.5 | B5: ACCOMMODATION OF TRAFFIC | C5: ='C1.5'!H55 -> 100000
A6: C1.6 | B6: CLEARING AND GRUBBING | C6: ='C1.6'!H20 -> 100000
A7: C1.7 | B7: LOADING AND HAULING | C7: ='C1.7'!H13 -> 0
A9: SERVICES | D9: =SUM(C10:C10) -> 3525000
A10: C2.1 | B10: GENERAL REQUIREMENTS AND TRENCHING FOR SERVICES | C10: ='C2.1'!H63 -> 3525000
A12: DRAINAGE | D12: =SUM(C13:C15) -> 0
A13: C3.1 | B13: DRAINS | C13: ='C3.1'!H11 -> 0
A14: C3.2 | B14: CULVERTS | C14: ='C3.2'!H61 -> 0
A15: C3.3 | B15: CONCRETE KERBING AND CHANNELING, ASPHALT BERMS, CHUTES, DOWNPIPES, AS WELL AS CONCRETE, STONE PITCHED AND GABION LININGS FOR OPEN DRAINS | C15: ='C3.3'!H20 -> 0
A17: EARTHWORKS AND PAVEMENT LAYERS MATERIALS | D17: =SUM(C18:C20) -> 150000
A18: C4.2 | B18: CUT MATERIALS | C18: ='C4.2'!H9 -> 0
A19: C4.3 | B19: EXISTING ROAD MATERIALS | C19: ='C4.3'!H23 -> 0
A20: C4.4 | B20: COMMERCIAL MATERIALS | C20: ='C4.4'!H21 -> 150000
A22: EARTHWORKS AND PAVEMENT LAYERS CONSTRUCTION | D22: =SUM(C23:C26) -> 0
A23: C5.1 | B23: ROADBED | C23: ='C5.1'!H9 -> 0
A24: C5.2 | B24: FILL | C24: ='C5.2'!H13 -> 0
A25: C5.3 | B25: ROAD PAVEMENT LAYERS | C25: ='C5.3'!H19 -> 0
A26: C5.4 | B26: STABILISATION | C26: ='C5.4'!H23 -> 0
A28: CONCRETE LAYERS | D28: =SUM(C29:C30) -> 60000
A29: C6.1 | B29: PAVER LAID CONCRETE LAYERS | C29: ='C6.1'!H26 -> 0
A30: C6.2 | B30: SEGMENTAL BLOCK PAVING LAYERS | C30: ='C6.2'!H9 -> 60000
A32: PRETREATMENT AND REPAIR EXISTING LAYERS | D32: =SUM(C33:C35) -> 0
A33: C8.1 | B33: PRIME COAT | C33: ='C8.1'!H9 -> 0
A34: C8.5 | B34: STANDARD CRACK SEALING | C34: ='C8.5'!H8 -> 0
A35: C8.8 | B35: PATCHING AND EDGE BREAK REPAIR | C35: ='C8.8'!H31 -> 0
A37: ASPHALT LAYERS | D37: =SUM(C38) -> 0
A38: C9.1 | B38: ASPHALT LAYERS | C38: ='C9.1'!H43 -> 0
A40: ANCILLIARY ROAD WORKS | D40: =SUM(C41:C48) -> 50000
A41: C11.1 | B41: PITCHING, STONEWORK, CAST IN SITU CONCRETE FOR PROTECTION AGAINST EROSION | C41: ='C11.1'!H15 -> 50000
A42: C11.2 | B42: NON-STRUCTURAL GABIONS | C42: ='C11.2'!H12 -> 0
A43: C11.3 | B43: GUIDE BLOCKS AND KILOMETRE MARKERS | C43: ='C11.3'!H4 -> 0
A44: C11.4 | B44: ROAD RESTRAINT SYSTEMS | C44: ='C11.4'!H34 -> 0
A45: C11.5 | B45: FENCING | C45: ='C11.5'!H21 -> 0
A46: C11.6 | B46: ROAD SIGNS | C46: ='C11.6'!H27 -> 0
A47: C11.7 | B47: ROAD MARKINGS AND ROAD STUDS | C47: ='C11.7'!H40 -> 0
A48: C11.9 | B48: FINISHING THE ROAD AND ROAD RESERVE AND TREATING OLD ROADS | C48: ='C11.9'!H9 -> 0
A50: QUALITY ASSURANCE | D50: =SUM(C51) -> 16000000
A51: C20.1 | B51: TESTING MATERIALS AND JUDGEMENT OF WORKMANSHIP | C51: ='C20.1'!H11 -> 16000000
B54: TOTAL CARRIED TO C2.3 : SUMMARY OF PRICING SCHEDULE (SCHEDULE B) | D54: =SUM(D1:D52) -> 23625000
B63: SIGNED BY TENDERER:

Sheet Schedule C Front
A1: SCHEDULE C NRA 2024/1327R

Sheet SECTION D - D1000
A1: SECTION | B1: D - D1000 | D1: TRAINING, COACHING, GUIDANCE, MENTORING AND ASSISTANCE
A2: ITEM | D2: DESCRIPTION | E2: UNIT | F2: QTY | G2: RATE | H2: AMOUNT
A3: D10.01 | D3: Target Group Participation
B4: (a) | D4: Contract Participation Performance bonus | E4: prime cost (PC) sum | F4: Prime | G4: Cost | H4: 300000
A5: D10.02 | D5: Stakeholder and Community Liaison and Social Facilitation
B6: (a) | D6: Cost of liaison, social facilitation and PLC support | E6: prime cost (PC) sum | F6: Prime | G6: Cost | H6: 300000
B7: (b) | D7: Handling cost and profit in respect of sub-item D10.02(a) | E7: percentage (%) | F7: =H6 -> 300000 | H7: =IF(G7=0," ",F7*G7)
A8: D10.03 | D8: Tender Process for Targeted Enterprises
B9: (a) | D9: Contractor’s charge for the management and execution of the Targeted Enterprise procurement process:
C10: (i) | D10: Procurement process for the totality of all tenders concluded for the appointment of Targeted Enterprise Subcontractors of CIDB 1 and 2 contractor grading. | E10: number (No.) | F10: 7 | H10: =IF(G10=0," ",F10*G10)
C11: (ii) | D11: Procurement process for the totality of all tenders concluded for the appointment of Targeted Enterprise Subcontractors of CIDB 3 and 4 contractor grading. | E11: number (No.) | F11: 5 | H11: =IF(G11=0," ",F11*G11)
C12: (iii) | D12: Procurement process for the totality of all tenders concluded for the appointment of Targeted Enterprise Subcontractors of CIDB 5 and higher contractor grading. | E12: number (No.) | F12: 3 | H12: =IF(G12=0," ",F12*G12)
C13: (iv) | D13: Procurement process for the totality of all tenders concluded for the appointment of Targeted Enterprise suppliers. | E13: number (No.) | F13: 5 | H13: =IF(G13=0," ",F13*G13)
B14: (b) | D14: Targeted Enterprise Procurement Coordinator | E14: month | F14: 20 | H14: =IF(G14=0," ",F14*G14)
A15: D10.04 | D15: Responsibilities of the Contractor towards Targeted Enterprises
B16: (a) | D16: Contractor’s establishment, management, management support, assistance, coaching, guidance, mentoring and supervision of Targeted Enterprises. | E16: month | F16: 20 | H16: =IF(G16=0," ",F16*G16)
B17: (b) | D17: Targeted Enterprise Construction Manager | E17: Person. Month | F17: 20 | H17: =IF(G17=0," ",F17*G17)
B18: (c) | D18: Targeted Enterprise Site Supervisors | E18: Person. Month | F18: 20 | H18: =IF(G18=0," ",F18*G18)
A19: D10.05 | D19: Construction Works by Targeted Enterprises
B20: (a) | D20: Payments associated with the construction works carried out by Targeted Enterprise subcontractors of CIDB 1 and 2 contractor grading designation appointed in terms of Section D | E20: Prime Cost (PC) Sum | F20: Prov | G20: Sum | H20: 5000000
B21: (b) | D21: Handling costs and profit in respect of payment associated with sub-item D10.05(a) | E21: percentage (%) | F21: =H20 -> 5000000 | H21: =IF(G21=0," ",F21*G21)
B22: (c) | D22: Fluctuation between the main contractor’s rates and that of the Targeted Enterprise subcontractors | E22: lump sum | F22: Lump | G22: Sum
B23: (d) | D23: Preliminary and General Obligations of Targeted Enterprise sub-contractors appointed in terms of Section D | E23: lump sum | F23: Lump | G23: Sum
A24: D10.06 | D24: Training, coaching, guidance, mentoring and assistance
B25: (a) | D25: Accredited occupational qualification training.
C26: (i) | D26: Stipend/wages for unemployed learners. | E26: Prime Cost (PC) Sum | F26: Prime | G26: Cost | H26: 360000
C27: (ii) | D27: Handling costs and profit in respect of payment associated with sub-item D10.06(a)(i). | E27: Percentage (%) | F27: =H26 -> 360000 | H27: =IF(G27=0," ",F27*G27)
C28: (iii) | D28: Mentorship and other costs. | E28: Person Month | F28: 20 | H28: =IF(G28=0," ",F28*G28)
B29: (b) | D29: TVET college graduates and apprenticeships.
C30: (i) | D30: Stipend/wages for unemployed learners. | E30: Prime Cost (PC) Sum | F30: Prime | G30: Cost | H30: 360000
C31: (ii) | D31: Handling costs and profit in respect of payment associated with sub-item D10.06(b)(i). | E31: Percentage (%) | F31: =H30 -> 360000 | H31: =IF(G31=0," ",F31*G31)
C32: (iii) | D32: Mentorship and other costs. | E32: Person Month | F32: 20 | H32: =IF(G32=0," ",F32*G32)
B33: (c) | D33: P1 and P2 learners and learners with a 240 credits qualification.
C34: (i) | D34: Stipend/wages for unemployed learners. | E34: Prime Cost (PC) Sum | F34: Prime | G34: Cost | H34: 360000
C35: (ii) | D35: Handling costs and profit in respect of payment associated with sub-item D10.06(c)(i). | E35: Percentage (%) | F35: =H34 -> 360000 | H35: =IF(G35=0," ",F35*G35)
C36: (iii) | D36: Mentorship and other costs. | E36: Person Month | F36: 20 | H36: =IF(G36=0," ",F36*G36)
C37: (iv) | D37: Travel and Accommodation | E37: Prime Cost (PC) Sum
C38: (v) | D38: Handling costs and profit in respect of payment associated with sub-item D10.06(c)(iv). | E38: Percentage (%)
B39: (d) | D39: Candidates with 360 credits or more qualification.
C40: (i) | D40: Stipend/wages for unemployed learners. | E40: Prime Cost (PC) Sum | F40: Prime | G40: Cost | H40: 300000
C41: (ii) | D41: Handling costs and profit in respect of payment associated with sub-item D10.06(d)(i). | E41: Percentage (%) | F41: =H40 -> 300000 | H41: =IF(G41=0," ",F41*G41)
C42: (iii) | D42: Mentorship and other costs. | E42: Person Month | F42: 20 | H42: =IF(G42=0," ",F42*G42)
C43: (iv) | D43: Travel and Accommodation | E43: Prime Cost (PC) Sum | F43: Prime | G43: Cost | H43: 300000
C44: (v) | D44: Handling costs and profit in respect of payment associated with sub-item D10.06(c)(iv). | E44: Percentage (%) | F44: =H43 -> 300000 | H44: =IF(G44=0," ",F44*G44)
B45: (e) | D45: Generic skills training
C46: (i) | D46: Stipend/wages for unemployed learners. | E46: Prime Cost (PC) Sum | F46: Prime | G46: Cost | H46: 300000
C47: (ii) | D47: Handling costs and profit in respect of payment associated with sub-item D10.06(e)(i). | E47: Percentage (%) | F47: =H46 -> 300000 | H47: =IF(G47=0," ",F47*G47)
C48: (iii) | D48: Mentorship and other costs. | E48: Person Month | F48: 20 | H48: =IF(G48=0," ",F48*G48)
B49: (f) | D49: Community training
C50: (i) | D50: Stipend/wages for unemployed learners. | E50: Prime Cost (PC) Sum | F50: Prime | G50: Cost | H50: 300000
C51: (ii) | D51: Handling costs and profit in respect of payment associated with sub-item D10.06(f)(i). | E51: Percentage (%) | F51: =H50 -> 300000 | H51: =IF(G51=0," ",F51*G51)
C52: (iii) | D52: Mentorship and other costs. | E52: Person Month | F52: 20 | H52: =IF(G52=0," ",F52*G52)
A53: =A1 -> SECTION | B53: D - D1000 | D53: TOTAL CARRIED FORWARD TO SUMMARY | H53: =SUM(H3:H52) -> 7880000

Sheet Summary of Pricing Schedule C
A1: SUMMARY OF PRICING SCHEDULE C
A6: STAKEHOLDER AND COMMUNITY ENGAGEMENT | D6: =SUM(C7) -> 7880000
A7: D1000 | B7: TRAINING, COACHING, GUIDANCE, MENTORING AND ASSISTANCE | C7: ='SECTION D - D1000'!H53 -> 7880000
B10: TOTAL CARRIED TO C2.3 : SUMMARY OF PRICING SCHEDULE (SCHEDULE C) | D10: =SUM(D6:D8) -> 7880000
B16: SIGNED BY TENDERER:

Sheet Schedule D Front
A1: SCHEDULE D NRA 2024/1327R
B107: SCHEDULE D - ELECTRICAL

Sheet Schedule D
A1: Rate=F | B1: DETAILED DESIGN FOR IMPROVEMENT OF PEDESTRIAN FACILITIES
A2: <NewDataSet>· <xs:schema id="NewDataSet" xmlns="" xmlns:xs="http://www.w3.org/2001/XMLSchema" xmlns:msdata="urn:schemas-microsoft-com:xml-msdata">· <xs:element name="NewDataSet" msdata:IsDataSet="true" msdata:MainDataTable="SummaryItems" msdata:UseCurrentLocale="true">· <xs:complexType>· <xs:choice minOccurs="0" maxOccurs="unbounded">· <xs:element name="SummaryItems">· <xs:complexType>· <xs:sequence>· <xs:element name="ContractNo" type="xs:short" minOccurs="0" />· <xs:element name="ScheduleNo" type="xs:short" minOccurs="0" />· <xs:element name="SortNo" type="xs:short" minOccurs="0" />· <xs:element name="Item" type="xs:string" minOccurs="0" />· <xs:element name="SubTotalText" type="xs:string" minOccurs="0" />· <xs:element name="Description" type="xs:string" minOccurs="0" />· <xs:element name="CalcType" type="xs:string" minOccurs="0" />· <xs:element name="CalcValue" type="xs:double" minOccurs="0" />· <xs:element name="UseFirstSubTotal" type="xs:boolean" minOccurs="0" />· <xs:element name="ExclFromWorks" type="xs:boolean" minOccurs="0" />· <xs:element name="ExclFromProjected" type="xs:boolean" minOccurs="0" />· </xs:sequence>· </xs:complexType>· </xs:element>· </xs:choice>· </xs:complexType>· </xs:element>· </xs:schema>·</NewDataSet> | B2: ON NATIONAL ROUTE 5, SECTION 3 FROM KM 34,0 TO PAUL ROUX (KM 37,0)
B3: SCHEDULE D - ELECTRICAL
G4: CONTRACTORS GENERAL OBLIGATIONS
B5: ITEM | C5: DESCRIPTION | D5: UNIT | E5: QUANTITY | F5: RATE (RAND) | G5: AMOUNT (RAND)
A6: 49458 | C6: CONTRACTORS GENERAL OBLIGATIONS
A8: 49459 | B8: 1300 | C8: CONTRACTOR'S ESTABLISHMENT ON SITE AND GENERAL OBLIGATIONS
A10: 49460 | B10: 13.01 | C10: CONTRACTORS GENERAL OBLIGATIONS
A12: 49461 | B12: (a) | C12: Fixed obligations in terms of COLTO B1300 | D12: Lump Sum | E12: 1 | G12: =E12*F12 -> 0
A14: 49462 | B14: (b) | C14: Value-related obligations in terms of COLTO B1300 | D14: Lump Sum | E14: 1 | G14: =E14*F14 -> 0
A16: 49463 | B16: (c) | C16: Time-related obligations | D16: Month | E16: 4 | G16: =E16*F16 -> 0
A18: 49464 | B18: (d) | C18: Health and safety obligation: Compliance with Construction Regulations including submission and implementation of a Health & Safety plan | D18: Lump Sum | E18: 1 | G18: =E18*F18 -> 0
A20: 49465 | C20: NOTE: The combined total of B13.01(a), B13.01(b), and B13.01(c) may not exceed 15 % of the Tender Sum.
B62: Total Carried Forward To Summary | G62: =SUM(G6:G61) -> 0
B64: DETAILED DESIGN FOR IMPROVEMENT OF PEDESTRIAN FACILITIES | G64: 2
B65: ON NATIONAL ROUTE 5, SECTION 3 FROM KM 34,0 TO PAUL ROUX (KM 37,0)
B66: SCHEDULE D - ELECTRICAL
G67: EXCAVATION AND BACKFILL
B68: ITEM | C68: DESCRIPTION | D68: UNIT | E68: QUANTITY | F68: RATE (RAND) | G68: AMOUNT (RAND)
A69: 49213 | C69: SERIES 2000: DRAINAGE
A71: 49214 | B71: 2200 | C71: PREFABRICATED CULVERTS
A73: 49215 | C73: NOTE: EXCAVATION AND BACKFILLING FOR CABLE TRENCHES AND POLES IS MEASURED UNDER THIS SECTION Typical SANRAL Drawings applicable TD-E-P-3000-1-V1 LV Cable Trench
A75: 49216 | B75: 22.01 | C75: Excavation:
A77: 49217 | B77: (a) | C77: Excavating soft material situated within the following depth ranges below the surface level:
A79: 49218 | B79: (1) | C79: Trenches for electrical cable as shown in electrical layout drawing
A81: 49219 | B81: (i) | C81: 0 m up to 1.5 m | D81: m³ | E81: =1990+1800 -> 3790 | G81: =E81*F81 -> 0
A83: 49220 | B83: (2) | C83: Kiosks/Minisubs
A85: 49221 | B85: (i) | C85: 0 m up to 1.5 m | D85: m³ | E85: =2*1.5*1*0.5 -> 1.5 | G85: =E85*F85 -> 0
A87: 49222 | B87: (b) | C87: Extra over subitem 22.01(a) 1) and 2) for excavation in hard material, irrespective of depth | D87: m³ | E87: 100 | G87: =E87*F87 -> 0
A89: 49223 | B89: (3) | C89: Holes for planting of poles in all material types
A91: 49224 | B91: (i) | C91: For 6.2 m pole: 1.2 m depth | D91: No | E91: 10 | G91: =E91*F91 -> 0
A93: 49225 | C93: For 11.8 m pole: 1.8 m depth | D93: No | E93: 88 | G93: =E93*F93 -> 0
A95: 49226 | B95: B22.02 | C95: Backfilling:
A97: 49227 | B97: (1) | C97: Trenches
A99: 49228 | B99: (a) | C99: Using the excavated material | D99: m³ | E99: =E81-E105-E107 -> 2779.3333 | G99: =E99*F99 -> 0
A101: 49229 | B101: (b) | C101: Using imported selected material | D101: m³ | E101: 20 | G101: =E101*F101 -> 0
A103: 49230 | B103: (c) | C103: Extra over subitems 22.02(a) and (b) for soil cement backfilling (5% cement) | D103: m³ | E103: =E93*1.5*1*0.6 -> 79.2 | G103: =E103*F103 -> 0
A105: 49231 | B105: (d) | C105: Using concrete (class 20/19) 20 Mpa backfilling as shown in drawings | D105: m³ | E105: =200/1500*E81 -> 505.33333 | G105: =E105*F105 -> 0
A107: 49232 | B107: (e) | C107: Bedding using sieved material from excavations. | D107: m³ | E107: =E105 -> 505.33333 | G107: =E107*F107 -> 0
A109: 49233 | B109: (2) | C109: Minisubs/kiosks
A111: 49234 | B111: (a) | C111: Cast in situ concrete(class 20/19) 20 Mpa for minisubs/kiosks footings | D111: m³ | E111: =E85 -> 1.5 | G111: =E111*F111 -> 0
A113: 49235 | B113: (3) | C113: Holes for planting of poles using soil cement backfilling (5% cement)
A115: 49237 | B115: (a) | C115: For 11.8 m pole: 1.8 m depth | D115: m³ | E115: =E93*1.5*1*0.6 -> 79.2 | G115: =E115*F115 -> 0
B117: (b) | C117: For holes of removed existing streetlight poles | D117: m³ | E117: =60*1.5*1*0.6 -> 54 | G117: =E117*F117 -> 0
B119: Total Carried Forward | G119: =SUM(G69:G118) -> 0
B121: DETAILED DESIGN FOR IMPROVEMENT OF PEDESTRIAN FACILITIES | G121: 3
B122: ON NATIONAL ROUTE 5, SECTION 3 FROM KM 34,0 TO PAUL ROUX (KM 37,0)
B123: SCHEDULE D - ELECTRICAL
G124: ELECTRICAL DISTRIBUTION AND EARTHING INFRASTRUCTURE
B125: ITEM | C125: DESCRIPTION | D125: UNIT | E125: QUANTITY | F125: RATE (RAND) | G125: AMOUNT (RAND)
B126: Brought Forward | G126: =G119 -> 0
A127: 49214 | B127: 22.23 | C127: Service Ducts
A129: 49215 | B129: (a) | C129: Ribbed PVC Sleeves Typical SANRAL drawing TD-E-P-3002-1-V1 Sleeve Installation
A131: 49217 | B131: (1) | C131: 110 mm dia | D131: m | E131: 240 | G131: =E131*F131 -> 0
A133: 49218 | B133: 22.26 | C133: Hand excavation to:
A135: 49219 | B135: (a) | C135: Determine the positions of existing services where machine work is not possible | D135: m³ | E135: =30*0.6*1.5 -> 27 | G135: =E135*F135 -> 0
A137: 49221 | B137: (b) | C137: Remove existing road light poles planted in concrete pedestrian pavement includig breaking of concrete | D137: m³ | E137: 62 | G137: =E137*F137 -> 0
A139: 49222 | B139: 22.27 | C139: Existing Streetlight Poles
A141: 49223 | B141: (a) | C141: Disconnect existing supply cable, internal wiring and luminaire from 10m curve outreach pole, remove and store for safe keeping and re-use | D141: No | E141: 62 | G141: =E141*F141 -> 0
A143: 49224 | B143: (b) | C143: Remove existing 11,8m streetlight pole from hole, load and transport to site store for safe keeping | D143: No | E143: 62 | G143: =E143*F143 -> 0
A145: 49225
A147: 49226
A149: 49227
A151: 49228
A153: 49229
A155: 49230
A157: 49231
A159: 49232
A161: 49233
A163: 49234
A165: 49235
A167: 49236
A169: 49237
B176: Total Carried Forward To Summary | G176: =SUM(G126:G175) -> 0
B177: DETAILED DESIGN FOR IMPROVEMENT OF PEDESTRIAN FACILITIES | G177: 4
B178: ON NATIONAL ROUTE 5, SECTION 3 FROM KM 34,0 TO PAUL ROUX (KM 37,0)
B179: SCHEDULE D - ELECTRICAL
G180: STRUCTURAL STEELWORK: LIGHTING MASTS AND POLES
B181: ITEM | C181: DESCRIPTION | D181: UNIT | E181: QUANTITY | F181: RATE (RAND) | G181: AMOUNT (RAND)
A182: 49238 | B182: 6700 | C182: STRUCTURAL STEELWORK: LIGHTING MASTS AND POLES
A184: 49239 | C184: NOTE: Refer to Part C3 Section G2, Paragraph 2.9 for specifications of the poles and masts. Typical SANRAL Drawings applicable TD-E-P-2001-1 -V1 Anti-Vandal Pole with ES (DB)
A186: 49240 | B186: 67.01 | C186: Streetlighting Poles and Masts: Design, Supply and Installation complete with electrical control gear and wiring
A188: 49244 | B188: (i) | C188: 11.8 m lighting pole (10 m m-h) | D188: No | E188: =88 -> 88 | G188: =E188*F188 -> 0
A190: 49245 | B190: (ii) | C190: Single spigot for lighting pole | D190: No | E190: =E188-8 -> 80 | G190: =E190*F190 -> 0
A192: 49246 | B192: (iii) | C192: Three Way spigot for lighting pole | D192: No | E192: 8 | G192: =E192*F192 -> 0
A194: 49265 | B194: 67.03 | C194: Corrosion protection
A196: 49266 | B196: (a) | C196: Hot-dip galvanizing
A198: 49270 | B198: (i) | C198: 11.8 m lighting pole (10 m m-h) | D198: No | E198: =E188 -> 88 | G198: =E198*F198 -> 0
A200: 49271 | B200: (ii) | C200: Single spigot for lighting pole | D200: No | E200: =E198-8 -> 80 | G200: =E200*F200 -> 0
A202: 49272 | B202: (iii) | C202: Three Way spigot for lighting pole | D202: No | E202: 8 | G202: =E202*F202 -> 0
A204: 49278 | B204: 67.10 | C204: Design and certification of the mast footings and plinths by a Structural Engineer, as well as verification of steel mast designs provided by mast manufacturer
B206: (iv) | C206: 11,8m lighting pole (10 m m-h) with single spigot | D206: Lump Sum | E206: 1 | G206: =E206*F206 -> 0
B208: (v) | C208: 11,8m lighting pole (10 m m-h) with three way spigot | D208: Lump Sum | E208: 1 | G208: =E208*F208 -> 0
B223: Total Carried Forward To Summary | G223: =SUM(G182:G222) -> 0
B225: DETAILED DESIGN FOR IMPROVEMENT OF PEDESTRIAN FACILITIES | G225: 6
B226: ON NATIONAL ROUTE 5, SECTION 3 FROM KM 34,0 TO PAUL ROUX (KM 37,0)
B227: SCHEDULE D - ELECTRICAL
G228: ELECTRICAL DISTRIBUTION AND EARTHING INFRASTRUCTURE
B229: ITEM | C229: DESCRIPTION | D229: UNIT | E229: QUANTITY | F229: RATE (RAND) | G229: AMOUNT (RAND)
A230: 49279 | C230: ELECTRICAL DISTRIBUTION AND EARTHING INFRASTRUCTURE
...

Sheet Summary of Pricing Schedule D
A1: SUMMARY OF PRICING SCHEDULE D
A6: ELECTRICAL | D6: =SUM(C7:C11) -> 350000
B7: CONTRACTORS GENERAL OBLIGATIONS | C7: ='Schedule D'!G62 -> 0
B8: EXCAVATION AND BACKFILL | C8: ='Schedule D'!G176 -> 0
B9: STRUCTURAL STEELWORK: LIGHTING MASTS AND POLES | C9: ='Schedule D'!G223 -> 0
B10: ELECTRICAL DISTRIBUTION AND EARTHING INFRASTRUCTURE | C10: ='Schedule D'!G435 -> 350000
B11: LUMINAIRES | C11: ='Schedule D'!G477 -> 0
B13: TOTAL CARRIED TO C2.3 : SUMMARY OF PRICING SCHEDULE (SCHEDULE D) | D13: =SUM(D6:D11) -> 350000
B19: SIGNED BY TENDERER:
B71: SCHEDULE D - ELECTRICAL
B133: SCHEDULE D - ELECTRICAL
B193: SCHEDULE D - ELECTRICAL
B263: SCHEDULE D - ELECTRICAL
B332: SCHEDULE D - ELECTRICAL
B400: SCHEDULE D - ELECTRICAL
B484: SCHEDULE D - ELECTRICAL
B560: SCHEDULE D - ELECTRICAL
B629: SCHEDULE D - ELECTRICAL
B710: SCHEDULE D - ELECTRICAL
B790: SCHEDULE D - ELECTRICAL

Sheet Summary Pricing Schedule Front
A1: SUMMARY OF PRICING SCHEDULE NRA 2024/1327R

Sheet Summary of Pricing
A1: C2.3: SUMMARY OF PRICING SCHEDULE
A7: SCHEDULE A: TRAINING AND CONSTRUCTION MANAGEMENT | D7: ='Summary of Pricing Schedule A'!D10 -> 7553000
A9: SCHEDULE B: CONSTUCTION OF THE WORKS | D9: ='Summary of Pricing Schedule B'!D54 -> 23625000
A11: SCHEDULE C: STAKEHOLDER AND COMMUNITY ENGAGEMENTTRAINING AND CONSTRUCTION MANAGEMENT | D11: ='Summary of Pricing Schedule C'!D10 -> 7880000
A13: SCHEDULE D: ELECTRICAL | D13: ='Summary of Pricing Schedule D'!D13 -> 350000
A15: SUB-TOTAL | D15: =SUM(D7:D13) -> 39408000
A17: VALUE ADDED TAX (15% OF SUB-TOTAL) | D17: =15%*D15 -> 5911200
A19: TOTAL CARRIED TO C.1.1.1: FORM OF OFFER | D19: =D15+D17 -> 45319200
